 Dungeon Crawl Stone Soup version 0.30-a0-165-g1891117ce2 (webtiles) character file.

Game seed: 11242430305900899955

414323 qw the Impregnable (level 23, -14/158 HPs)
             Began as a Gargoyle Fighter on Sept 28, 2022.
             Was an Elder of Okawaru.
             Killed by the air
             ... invoked by a titan
              (18 damage)
             ... on level 5 of the Vaults.
             The game lasted 00:24:52 (50969 turns).

qw the Impregnable (Gargoyle Fighter)              Turns: 50969, Time: 00:24:53

Health: -14/158    AC: 76    Str: 28    XL:     23   Next: 57%
Magic:  30/30      EV: 16    Int: 19    God:    Okawaru [****..]
Gold:   107        SH: 31    Dex: 22    Spells: 22/22 levels left

rFire   + . .      SeeInvis +    r - +10 broad axe of the Riding Gods {vorpal, rPois Int+7}
rCold   . . .      Faith    .    m - +0 tower shield
rNeg    + + .      Spirit   .    K - +3 crystal plate armour "Quumoisye" {Contam Dex+6 SInv}
rPois   inf        Reflect  +    j - +2 helmet {SInv}
rElec   +          Harm     .    z - +1 cloak of an ossuary {rN+ rCorr Dex+4}
rCorr   +          Rampage  .    N - +2 pair of gloves {Dex+3}
Will    +....                    f - +1 pair of boots of Ofe Zeplu {rF+}
Stlth   ..........               w - amulet of reflection
HPRegen 0.36/turn                x - +4 ring of protection
MPRegen 0.22/turn                I - +4 ring of protection

@: about to teleport, heroic, marked, flying
A: sickness immunity, AC +17, big wings, negative energy resistance 1,
electricity resistance, torment resistance 1, petrification resistance,
iridescent scales 1, deterioration 1
}: 2/15 runes: barnacled, gossamer
a: Renounce Religion, Heroism, Finesse


You were on level 5 of the Vaults.
You worshipped Okawaru.
Okawaru was greatly pleased with you.
You visited 8 branches of the dungeon, and saw 40 of its levels.
You also visited: Gauntlet.

You collected 3724 gold pieces.
You spent 3617 gold pieces at shops.


Innate Abilities, Weirdness & Mutations

You are immune to sickness and miasma.
Your stone body is resilient. (AC +17)
You are immune to poison.
Your large and strong wings let you fly.
You resist negative energy. (rN+)
You are resistant to electric shocks. (rElec)
You are resistant to unholy torment.
You are immune to petrification.
You are partially covered in iridescent scales. (AC +2)
Your body sometimes deteriorates upon taking damage.


   Skills:
 + Level 20.3(25.3) Fighting
 - Level 18.0(23.0) Axes
 - Level 11.0(16.0) Throwing
 - Level 22.0(27) Armour
 - Level 9.0(14.0) Dodging
 - Level 21.0(26.0) Shields
 - Level 10.0 Invocations


You had 22 spell levels left.
You didn't know any spells.
Your spell library was empty.

Inventory:

Hand Weapons
 r - the +10 broad axe of the Riding Gods (weapon) {vorpal, rPois Int+7}
   (You found it on level 9 of the Dungeon)

   It inflicts extra damage upon your enemies.
   Int:       It affects your intelligence (+7).
   rPois:     It protects you from poison.
Missiles
 y - 2 javelins (quivered)
 A - 4 boomerangs of dispersal
 F - 30 boomerangs
Armour
 b - the +0 pair of boots of Eclelam {rElec Int+3 SInv Stlth+}
   (You found it on level 13 of the Dungeon)

   Int:       It affects your intelligence (+3).
   rElec:     It insulates you from electricity.
   SInv:      It lets you see invisible.
   Stlth:     It makes you more stealthy.
 f - the +1 pair of boots of Ofe Zeplu (worn) {rF+}
   (Okawaru gifted it to you on level 2 of the Orcish Mines)

   rF:        It protects you from fire.
 j - a +2 helmet of see invisible (worn)
 m - a +0 tower shield (worn)
 o - the +1 cloak "Niumnim" {-Tele rPois Regen+}
   (You found it on level 13 of the Dungeon)

   rPois:     It protects you from poison.
   -Tele:     It prevents most forms of teleportation.
   Regen:     It increases your rate of health regeneration.
 z - the +1 cloak of an ossuary (worn) {rN+ rCorr Dex+4}
   (Okawaru gifted it to you on level 12 of the Dungeon)

   Dex:       It affects your dexterity (+4).
   rN:        It protects you from negative energy.
   rCorr:     It protects you from acid and corrosion.
 D - the +7 crystal plate armour "Dafes" {rC+ rN+++ Will- Slay-2}
   (Okawaru gifted it to you on level 4 of the Depths)

   Slay:      It affects your accuracy & damage with ranged weapons and melee
   (-2).
   rC:        It protects you from cold.
   rN:        It renders you almost immune to negative energy.
   Will:      It decreases your willpower.
 K - the +3 crystal plate armour "Quumoisye" (worn) {Contam Dex+6 SInv}
   (Okawaru gifted it to you on level 1 of the Depths)

   Dex:       It affects your dexterity (+6).
   SInv:      It lets you see invisible.
   Contam:    It causes magical contamination when unequipped.
 M - a scarf of resistance
 N - a +2 pair of gloves of dexterity (worn)
Jewellery
 s - the ring "Siassial" {Contam Drain Fly rElec rF+++}
   (You took it off a hell knight on level 2 of the Depths)

   [ring of flight]

   rF:        It renders you almost immune to fire.
   rElec:     It insulates you from electricity.
   Fly:       It grants you flight.
   Contam:    It causes magical contamination when unequipped.
   Drain:     It drains your maximum health when unequipped.
 t - the amulet "Xeareiph" {Spirit rC+ Str+5}
   (You bought it in a shop on level 2 of the Vaults)

   [amulet of guardian spirit]

   It causes incoming damage to be divided between your reserves of health and
   magic.
   Str:       It affects your strength (+5).
   rC:        It protects you from cold.
 w - an amulet of reflection (around neck)
 x - a +4 ring of protection (left hand)
 C - a ring of protection from cold
 I - a +4 ring of protection (right hand)
 J - a ring of resist corrosion
 L - a ring of protection from fire
Wands
 h - a wand of digging (12)
Scrolls
 c - 7 scrolls of enchant weapon
 g - 12 scrolls of identify
 p - a scroll of enchant armour
 u - 3 scrolls of brand weapon
 G - 9 scrolls of teleportation
Potions
 a - 7 potions of haste
 d - 9 potions of might
 e - 4 potions of mutation
 i - 2 potions of heal wounds
 k - 10 potions of curing
 l - 8 potions of lignification
 n - a potion of cancellation
 q - 3 potions of resistance
 v - 10 potions of attraction
 B - 6 potions of magic

Dungeon Overview and Level Annotations

Branches:
Dungeon (15/15)            Temple (1/1) D:6            Lair (5/5) D:9
 Shoals (4/4) Lair:3       Spider (4/4) Lair:3        Slime (0/5) Lair:5
    Orc (2/2) D:10            Elf (0/3) Orc:2        Vaults (5/5) D:13
  Crypt (0/3) Vaults:3     Depths (4/4) D:15            Zot (0/5) Depths:4
Gauntlet (visited)

Altars:
Ashenzari
Cheibriados
Dithmenos
Elyvilon
Fedhas
Gozag
Hepliaklqana
Kikubaaqudgha
Makhleb
Nemelex Xobeh
Okawaru
Qazlal
Ru
Sif Muna
Trog
Uskayaw
Vehumet
Wu Jian
Xom
Yredelemnul
Zin
The Shining One
Jiyva

Shops:
D:2 ?   D:3 [   D:4 *   D:7 :*   D:10 ?   D:14 :   Orc:2 ((=?   Shoals:1 ?
Vaults:2 [*=((   Depths:2 :=:   Depths:3 *

Portals:
Hell: Depths:1 Depths:2 Depths:3 Depths:4
Abyss: Lair:1 Depths:3
Pandemonium: Depths:2
Ziggurat: Depths:1

Annotations:
D:3 1 runed translucent door, qw's ghost, amateur GrFi
D:12 2 transporters
Lair:1 2 transporters, qw's ghost, journeyman GrFi
Spider:4 2 transporters, cfbundy's ghost, adept FoFi
Vaults:4 36 runed doors
Depths:1 1 runed translucent door


Message History

The fire giant seems less brilliant.
The deep elf sorcerer seems less brilliant.
The ghostly vault warden seems less brilliant.
The alligator changes into a slime creature!
The vault sentinel seems less brilliant.
The ironbound convoker seems less brilliant.
The jumping spider leaps!
You block the titan's attack. x2
The stone giant hits you but does no damage.
The golden dragon closely misses you.
The golden dragon claws you but does no damage.
The golden dragon tramples you but does no damage.
The ghostly vault warden hits you but does no damage.
The deep elf high priest mumbles some strange prayers to its god.
The deep elf high priest begins emitting a brilliant aura!
The titan is empowered by the deep elf high priest's aura!
The deep elf sorcerer is empowered by the deep elf high priest's aura!
The ghostly vault warden is empowered by the deep elf high priest's aura!
The vault sentinel is empowered by the deep elf high priest's aura!
The ghostly ironbound preserver is empowered by the deep elf high priest's aura!
The ironbound convoker is empowered by the deep elf high priest's aura!
The ironbound convoker points at the vault sentinel and mumbles some strange words.
The vault sentinel seems to grow stronger.
50969 ||| DRINKING 3 potions of heal wounds.
You feel much better.
The entropy weaver changes into a culicivora!
The ironbound preserver seems less brilliant.
The snapping turtle changes into a floating eye!
The slime creature changes into a fire dragon!
The yak changes into a polar bear!
The vault warden simulacrum hits you!
The vault warden simulacrum freezes you!!
You block the titan's attack.
The ironbound preserver casts a spell.
The ironbound preserver is healed somewhat.
The vault sentinel blows a loud note on a signal horn!
The titan barely misses you. The stone giant hits you!
The ghostly vault warden hits you but does no damage.
You block the golden dragon's attack. x2; The golden dragon closely misses you.
The titan waves its arms in wide circles.
The air twists around and strikes you!!
You die... ...#....#p..... # ...#....#.... . ..B........ . #######peDcCC..##### ## ......CQCQCD........ ...^.TQDQCpCp)...... ....pCpCCpDCp)...p.p

..s.sDDZCpZeC)......
################@QcpD9C.#####
.............pepCCDHQTc...
....)........psph#pTZs#....
).#####..#####ssD#CTc.#......
..# #..# #ssG#.C..#...... ..#
#..# #)..#....#...... ..#
#..# #...# ..# ... .... ....#
..# ..?. ...... .?..#


You could see a shadow dragon, an iron dragon (soul bound), 4 ironbound
preservers, a ghostly ironbound preserver (empowered), 5 titans, 4 golden
dragons, 2 storm dragons, 5 fire giants, a fire dragon shaped shifter, 4 stone
giants, a ghostly vault warden (empowered), 6 tengu reavers, a jorogumo shaped
shifter (soul bound, empowered), 3 yaktaur captains, 3 vault guards, an entropy
weaver shaped shifter (soul bound), 4 ettins, 2 deep elf sorcerers, a wolf
spider (summoned), 4 deep trolls, a war gargoyle, 3 vault sentinels, a deep elf
high priest (brilliance aura), an ironbound convoker (soul bound, empowered), a
polar bear shaped shifter, a yaktaur (soul bound, sheltered), a necromancer, a
culicivora shaped shifter, 2 jumping spiders, a tarantella (summoned), 3
redbacks, a floating eye shaped shifter, a deep elf death mage simulacrum, a
vault warden simulacrum and a tengu reaver simulacrum.

Vanquished Creatures
  A juggernaut (Depths:4)
  A caustic shrike (Depths:2)
  Nikola (Spider:1)
  A bone dragon (Depths:4)
  Jorgrun (D:13)
  3 tentacled monstrosities
  A walking earthen tome (Depths:2)
  Rupert (D:13)
  3 liches (Depths:2)
  A walking frostbound tome (Depths:2)
  3 titans
  A kraken (Shoals:2)
  2 sphinxes
  Agnes (D:15)
  3 tengu reavers
  2 storm dragons
  Kirke (Shoals:1)
  Roxanne (Spider:2)
  2 shadow dragons
  A draconian knight (Depths:4)
  8 fire giants
  4 emperor scorpions (Spider:4)
  5 frost giants
  15 vault wardens
  An iron dragon (Depths:3)
  3 ghost moths (Spider:4)
  A balrug (Depths:2)
  4 orc warlords
  2 spriggan defenders
  3 war gargoyles
  4 draconian stormcallers (Depths:4)
  3 ironbound thunderhulks
  18 ironbound preservers
  31 very ugly things
  A juggernaut skeleton (Depths:1)
  10 stone giants
  3 green draconians (Depths:4)
  2 broodmothers
  A white draconian (Depths:4)
  13 spark wasps
  11 dire elephants
  A minotaur (Gauntlet)
  9 ettins
  2 deep elf death magi (Vaults:5)
  5 merfolk javelineers (Shoals:4)
  4 crystal guardians
  10 merfolk impalers
  6 fire dragons
  9 entropy weavers
  Josephine (D:12)
  6 great orbs of eyes
  7 yaktaur captains
  10 hydras
  Harold (D:9)
  6 peacekeepers
  3 spriggan air magi
  2 ogre magi
  4 ice dragons
  3 jorogumos
  34 vault guards
  2 radroaches (Spider:3)
  8 boulder beetles
  7 merfolk aquamancers
  2 catoblepae
  21 centaur warriors
  2 alligator snapping turtles
  Erica (D:8)
  9 ironbound frosthearts
  2 merfolk avatars
  6 two-headed ogres
  2 satyrs (Shoals:3)
  5 deep troll shamans
  A vampire mage (Depths:3)
  5 deep troll earth magi
  9 death yaks
  3 orc high priests (Orc:2)
  13 tengu warriors
  Urug (D:13)
  6 spriggan berserkers
  5 hell knights
  Sonja (D:11)
  3 sun moths
  A fire crab (Gauntlet)
  9 iron trolls
  4 spriggans
  A spectral anaconda (Lair:5)
  3 pharaoh ants
  14 skeletal warriors
  A spark wasp zombie (Depths:1)
  17 orb spiders
  A glowing orange brain (Depths:2)
  12 sea snakes
  2 flayed ghosts
  A steelbarb worm (Spider:4)
  70 deep trolls
  6 lindwurms
  5 wizards
  20 harpies
  A deep elf pyromancer (D:13)
  A golden dragon skeleton (Vaults:3)
  6 necromancers
  20 ironbound convokers
  Pikel (D:6)
  2 phantasmal warriors (Vaults:5)
  9 orc knights
  An obsidian statue (Lair:5)
  A stone giant zombie (Depths:1)
  3 orc sorcerers (Orc:2)
  2 oklob plants (Lair:5)
  14 manticores
  15 fauns
  14 wolf spiders
  19 ugly things
  12 cyclopes
  A shadow dragon skeleton (Depths:2)
  A moth of wrath (Spider:4)
  A fire giant skeleton (Vaults:3)
  19 elephants
  8 water nymphs
  A dire elephant zombie (Lair:5)
  5 merfolk sirens
  5 torpor snails
  2 ice statues (D:15)
  6 black mambas
  3 gargoyles
  2 rust devils (Depths:2)
  11 cane toads
  A frost giant skeleton (Depths:2)
  An orange demon (Depths:2)
  19 vault sentinels
  11 komodo dragons
  A kobold demonologist (D:9)
  6 demonic crawlers
  2 rime drakes
  An unseen horror (D:13)
  A freezing wraith (D:14)
  An efreet (D:13)
  38 yaktaurs
  A hellwing (Depths:2)
  3 tengu conjurers
  An ice devil (Depths:2)
  5 trolls
  22 merfolk
  A queen bee (shapeshifter) (D:14)
  2 red devils (Depths:2)
  13 hornets
  A spectral elephant (Lair:5)
  9 wind drakes
  A hornet (shapeshifter) (Depths:4)
  A polar bear (Lair:4)
  Grinder (D:5)
  13 blink frogs
  28 tarantellas
  4 human skeletons (Vaults:3)
  41 slime creatures
  5 dream sheep
  A slime creature (shapeshifter) (Vaults:5)
  5 snapping turtles
  A spriggan zombie (Depths:1)
  7 air elementals (Shoals:4)
  A fire giant simulacrum (Depths:1)
  21 culicivoras
  17 jumping spiders
  A centaur simulacrum (D:15)
  A culicivora (shapeshifter) (Vaults:1)
  2 shadows
  A spriggan skeleton (Depths:2)
  22 water elementals
  5 wraiths
  A ynoxinul (Gauntlet)
  8 wyverns
  66 yaks
  3 humans (Shoals:1)
  4 basilisks
  4 fire bats (Gauntlet)
  2 neqoxecs (Depths:2)
  A death yak simulacrum (Lair:5)
  52 redbacks
  6 vampire mosquitoes
  A chaos spawn (Depths:2)
  2 wargs
  3 acid dragons
  A redback simulacrum (D:15)
  An ogre skeleton (Vaults:3)
  15 water moccasins
  3 glowing shapeshifter skeletons
  2 sky beasts
  An ice beast (D:5)
  29 orc warriors
  3 black bears
  16 wolves
  5 ogres
  7 boggarts
  11 centaurs
  An elephant zombie (Lair:5)
  3 lemures (D:6)
  2 phantoms
  2 kobold brigands
  2 necrophages (D:8)
  3 gnoll sergeants
  A scorpion (D:7)
  12 bullfrogs
  10 wights (D:8)
  19 killer bees
  An elephant simulacrum (Lair:5)
  4 electric eels
  3 howler monkeys (D:8)
  16 orc priests
  8 hounds
  5 jellies
  3 iron imps (Gauntlet)
  Natasha (thrice) (D:3)
  9 iguanas
  17 orc wizards
  15 gnolls
  7 adders
  2 shadow imps
  2 white imps (D:7)
  5 worms
  4 dart slugs
  49 orcs
  7 ball pythons
  5 bat zombies (D:7)
  7 endoplasms
  2 giant cockroaches
  9 goblins
  2 hobgoblins
  7 jackals
  17 kobolds
  2 quokkas
  9 bats
  4 frilled lizards
  3 rats
  4 tentacles (Shoals:2)
1616 creatures vanquished.

Vanquished Creatures (others)
  A vault warden (Vaults:5)
  A fire dragon (Depths:1)
  A sun moth (Spider:2)
  A spectral cane toad (Lair:5)
  An acid dragon (D:13)
  23 fungi
  60 plants
  6 tentacles (Shoals:2)
  23 withered plants (Lair:5)
117 creatures vanquished.

Grand Total: 1733 creatures vanquished

Notes
Turn   | Place    | Note
-------+----------+-------------------------------------------
     0 | D:1      | qw the Gargoyle Fighter began the quest for the Orb.
     0 | D:1      | Reached XP level 1. HP: 14/14 MP: 1/1
     0 | D:1      | 0 ||| qw: Version: 0.2-a-12-gaebbb33
     0 | D:1      | 0 ||| qw: Game counter: 842
     0 | D:1      | 0 ||| qw: Always use a shield: true
     0 | D:1      | 0 ||| qw: God list: Okawaru
     0 | D:1      | 0 ||| qw: Allow faded altars: false
     0 | D:1      | 0 ||| qw: Do Orc after D:15 true
     0 | D:1      | 0 ||| qw: Do second Lair branch before Depths: true
     0 | D:1      | 0 ||| qw: Lair rune preference: random
     0 | D:1      | 0 ||| qw: Plans: Normal, Zot:1-4, God:TSO, Crypt, Tomb,
                  | Pan, Slime:5, Hells, Abyss, Orb
     0 | D:1      | 0 ||| PLANNING D:1-11
   157 | D:1      | 157 ||| Stepping ~*~*~tactically~*~*~ (stealth).
   159 | D:1      | 159 ||| Stepping ~*~*~tactically~*~*~ (stealth).
   165 | D:1      | Reached XP level 2. HP: 19/19 MP: 2/2
   335 | D:1      | Found Qadiorgh's Magic Scroll Shop.
   916 | D:1      | 916 ||| UPGRADING to +2 helmet of see invisible.
   921 | D:1      | 921 ||| DROPPING scarf of shadows.
   922 | D:1      | 922 ||| READING scroll labelled JAVVUQ WU OSS.
   923 | D:1      | 923 ||| READING 2 scrolls labelled ZOM ZISE ADGHE.
   926 | D:1      | 926 ||| READING 2 scrolls labelled ODOTSU RUPUJUC.
   927 | D:1      | 927 ||| READING scroll labelled TOROAD TYTEHEC.
   928 | D:1      | 928 ||| DRINKING 2 smoky blue potions.
   928 | D:1      | Reached XP level 3. HP: 23/23 MP: 3/3
   929 | D:1      | 929 ||| DRINKING potion of experience.
   929 | D:1      | Reached XP level 4. HP: 37/37 MP: 4/4
  1161 | D:2      | 1161 ||| Stepping ~*~*~tactically~*~*~ (stealth).
  1190 | D:2      | 1190 ||| FLEEEEING.
  1191 | D:2      | 1191 ||| FLEEEEING.
  1192 | D:2      | 1192 ||| FLEEEEING.
  1193 | D:2      | 1193 ||| FLEEEEING.
  1194 | D:2      | 1194 ||| FLEEEEING.
  1195 | D:2      | 1195 ||| FLEEEEING.
  1196 | D:2      | 1196 ||| FLEEEEING.
  1197 | D:2      | 1197 ||| FLEEEEING.
  1198 | D:2      | 1198 ||| STAIRDANCE
  1315 | D:2      | 1315 ||| STAIRDANCE
  1320 | D:2      | 1320 ||| STAIRDANCE
  1448 | D:2      | Reached XP level 5. HP: 42/42 MP: 5/5
  1475 | D:2      | Found Fijicem's Magic Scroll Shop.
  1483 | D:2      | 1483 ||| BUYING scroll of identify (20 gold).
  1483 | D:2      | Bought a scroll of identify for 20 gold pieces
  1483 | D:2      | 1483 ||| BUYING scroll of identify (20 gold).
  1483 | D:2      | Bought a scroll of identify for 20 gold pieces
  1483 | D:2      | 1483 ||| BUYING scroll of identify (20 gold).
  1483 | D:2      | Bought a scroll of identify for 20 gold pieces
  1483 | D:2      | 1483 ||| BUYING scroll of teleportation (30 gold).
  1483 | D:2      | Bought a scroll of teleportation for 30 gold pieces
  1785 | D:2      | 1785 ||| UPGRADING to +0 chain mail.
  1795 | D:2      | 1795 ||| DROPPING +0 scale mail.
  1796 | D:2      | 1796 ||| DRINKING 2 glowing purple potions.
  1900 | D:2      | 1900 ||| READING 6 scrolls of identify.
  1900 | D:2      | 1900 ||| IDENTIFYING puce potion
  1901 | D:2      | 1901 ||| READING 5 scrolls of identify.
  1901 | D:2      | 1901 ||| IDENTIFYING viscous inky potion
  1902 | D:2      | 1902 ||| DROPPING potion of berserk rage.
  2000 | D:3      | Noticed Natasha
  2002 | D:3      | Killed Natasha
  2003 | D:3      | Reached skill level 1 in Dodging
  2020 | D:3      | 2020 ||| Stepping ~*~*~tactically~*~*~ (stealth).
  2143 | D:3      | Noticed Natasha
  2151 | D:3      | Killed Natasha
  2174 | D:3      | Noticed Natasha
  2175 | D:3      | 2175 ||| Stepping ~*~*~tactically~*~*~ (hiding).
  2182 | D:3      | Killed Natasha
  2317 | D:3      | Found Jyong's Armour Emporium.
  2320 | D:3      | 2320 ||| SHOPLISTING +0 pair of boots (63 gold, have 26).
  2320 | D:3      | 2320 ||| SHOPLISTING +2 ring mail "Amemoori" {+Inv rPois
                  | rC++} (695 gold, have 26).
  2320 | D:3      | 2320 ||| SHOPLISTING +2 ring mail of fire resistance (294
                  | gold, have 26).
  2325 | D:3      | Found a runed translucent door.
  2329 | D:3      | Noticed qw's ghost (amateur GrFi)
  2419 | D:3      | 2419 ||| Stepping ~*~*~tactically~*~*~ (stealth).
  2422 | D:3      | 2422 ||| Stepping ~*~*~tactically~*~*~ (stealth).
  2436 | D:3      | Reached XP level 6. HP: 47/48 MP: 6/6
  2624 | D:3      | 2624 ||| UPGRADING to amulet of guardian spirit.
  2629 | D:3      | 2629 ||| UPGRADING to ring of protection from cold.
  2630 | D:3      | 2630 ||| READING scroll labelled BYQEF WAOZANEDD.
  2631 | D:3      | 2631 ||| READING scroll labelled DUJUGU VULLE.
  2632 | D:3      | 2632 ||| DRINKING 2 dark potions.
  2633 | D:3      | 2633 ||| DROPPING potion of brilliance.
  2698 | D:4      | 2698 ||| Stepping ~*~*~tactically~*~*~ (hiding).
  2701 | D:4      | 2701 ||| Stepping ~*~*~tactically~*~*~ (hiding).
  2873 | D:4      | Reached skill level 4 in Armour
  2992 | D:4      | 2992 ||| Stepping ~*~*~tactically~*~*~ (hiding).
  2996 | D:4      | 2996 ||| DRINKING potion of curing.
  2996 | D:4      | 2996 ||| (to cure confusion)
  3018 | D:4      | 3018 ||| DROPPING +0 whip.
  3050 | D:4      | Noticed a black bear
  3061 | D:4      | Killed a black bear
  3062 | D:4      | Reached skill level 9 in Axes
  3062 | D:4      | 3062 ||| FLEEEEING.
  3063 | D:4      | 3063 ||| FLEEEEING.
  3068 | D:4      | 3068 ||| FLEEEEING.
  3069 | D:4      | 3069 ||| FLEEEEING.
  3192 | D:4      | Reached XP level 7. HP: 50/52 MP: 7/7
  3331 | D:4      | 3331 ||| Stepping ~*~*~tactically~*~*~ (stealth).
  3473 | D:4      | 3473 ||| DROPPING +0 flail.
  3510 | D:4      | Found Lylot's CLEARANCE SALE!.
  3517 | D:4      | 3517 ||| SHOPLISTING +6 ring of strength (144 gold, have
                  | 83).
  3517 | D:4      | 3517 ||| BUYING potion of haste (40 gold).
  3517 | D:4      | Bought a potion of haste for 40 gold pieces
  3517 | D:4      | 3517 ||| BUYING scroll of teleportation (12 gold).
  3517 | D:4      | Bought a scroll of teleportation for 12 gold pieces
  3691 | D:4      | 3691 ||| UPGRADING to +0 tower shield.
  3701 | D:4      | 3701 ||| DROPPING +0 buckler.
  3702 | D:4      | 3702 ||| DROPPING +2 hat.
  3703 | D:4      | 3703 ||| READING scroll labelled RUNEMI NURAI.
  3704 | D:4      | 3704 ||| READING 5 scrolls of identify.
  3704 | D:4      | 3704 ||| IDENTIFYING coppery potion
  3745 | D:5      | Entered Level 5 of the Dungeon
  4196 | D:5      | 4196 ||| Stepping ~*~*~tactically~*~*~ (stealth).
  4198 | D:5      | 4198 ||| Stepping ~*~*~tactically~*~*~ (stealth).
  4245 | D:5      | Found a sacrificial altar of Ru.
  4254 | D:5      | Reached XP level 8. HP: 57/57 MP: 8/8
  4264 | D:5      | Reached skill level 6 in Shields
  4421 | D:5      | Noticed Grinder
  4421 | D:5      | Paralysed by Grinder for 2 turns
  4423 | D:5      | 4423 ||| Stepping ~*~*~tactically~*~*~ (hiding).
  4444 | D:5      | Killed Grinder
  4791 | D:5      | 4791 ||| Stepping ~*~*~tactically~*~*~ (hiding).
  4880 | D:5      | 4880 ||| Stepping ~*~*~tactically~*~*~ (stealth).
  5122 | D:5      | 5122 ||| UPGRADING to +2 pair of gloves.
  5127 | D:5      | 5127 ||| READING scroll labelled XOUCSEO LAUCI.
  5128 | D:5      | 5128 ||| READING 2 scrolls labelled GOJUSU SIMNAE.
  5129 | D:5      | 5129 ||| READING 4 scrolls of identify.
  5129 | D:5      | 5129 ||| IDENTIFYING murky ruby potion
  5130 | D:5      | 5130 ||| DROPPING scroll of blinking.
  5263 | D:6      | Reached XP level 9. HP: 62/62 MP: 9/9
  5281 | D:6      | Found a staircase to the Ecumenical Temple.
  5282 | D:6      | 5282 ||| PLANNING TEMPLE
  5287 | Temple   | Entered the Ecumenical Temple
  5288 | Temple   | 5288 ||| PLANNING OKAWARU WORSHIP
  5594 | Temple   | Became a worshipper of Warmaster Okawaru
  5595 | Temple   | 5595 ||| PLANNING D:1-11
  5595 | Temple   | 5595 ||| REMOVING amulet of guardian spirit.
  5603 | Temple   | 5603 ||| DROPPING amulet of guardian spirit.
  5684 | D:6      | 5684 ||| Stepping ~*~*~tactically~*~*~ (stealth).
  5686 | D:6      | Noticed Pikel
  5686 | D:6      | 5686 ||| Stepping ~*~*~tactically~*~*~ (stealth).
  5690 | D:6      | 5690 ||| Stepping ~*~*~tactically~*~*~ (stealth).
  5693 | D:6      | 5693 ||| Stepping ~*~*~tactically~*~*~ (stealth).
  5712 | D:6      | HP: 15/62 [Pikel/+0 whip of freezing (5)]
  5713 | D:6      | 5713 ||| READING 5 scrolls of teleportation.
  5714 | D:6      | 5714 ||| DRINKING 4 potions of heal wounds.
  5841 | D:6      | Noticed a komodo dragon
  5845 | D:6      | HP: 13/62 [komodo dragon (18)]
  5846 | D:6      | 5846 ||| READING 4 scrolls of teleportation.
  5847 | D:6      | 5847 ||| DRINKING 3 potions of heal wounds.
  5935 | D:6      | Killed a komodo dragon
  6066 | D:6      | 6066 ||| FLEEEEING.
  6076 | D:6      | Killed Pikel
  6076 | D:6      | Reached * piety under Okawaru
  6077 | D:6      | Reached skill level 9 in Shields
  6368 | D:6      | 6368 ||| DROPPING ring of flight.
  6369 | D:6      | 6369 ||| READING scroll labelled ZUIBROE VONYR.
  6383 | D:7      | Found Usionuix's Book Boutique.
  6394 | D:7      | 6394 ||| INVOKING Heroism.
  6403 | D:7      | Reached skill level 1 in Invocations
  6679 | D:7      | Found Buereat's Elemental Accessories.
  6789 | D:7      | Reached ** piety under Okawaru
  6965 | D:7      | 6965 ||| Stepping ~*~*~tactically~*~*~ (hiding).
  7034 | D:7      | 7034 ||| INVOKING Heroism.
  7090 | D:7      | 7090 ||| INVOKING Heroism.
  7104 | D:7      | Reached skill level 3 in Invocations
  7104 | D:7      | Reached XP level 10. HP: 59/68 MP: 9/12
  7118 | D:7      | 7118 ||| Stepping ~*~*~tactically~*~*~ (stealth).
  7156 | D:7      | 7156 ||| Stepping ~*~*~tactically~*~*~ (hiding).
  7159 | D:7      | 7159 ||| INVOKING Heroism.
  7188 | D:7      | 7188 ||| Stepping ~*~*~tactically~*~*~ (stealth).
  7223 | D:7      | Noticed a boulder beetle
  7223 | D:7      | Found the +7 great mace "Firestarter" {inner flame, rF++}
  7224 | D:7      | 7224 ||| INVOKING Heroism.
  7227 | D:7      | 7227 ||| Stepping ~*~*~tactically~*~*~ (stealth).
  7251 | D:7      | 7251 ||| INVOKING Heroism.
  7274 | D:7      | Killed a boulder beetle
  7274 | D:7      | Reached *** piety under Okawaru
  7281 | D:7      | 7281 ||| INVOKING Heroism.
  7281 | D:7      | HP: 13/68 [shadow (6)]
  7282 | D:7      | 7282 ||| READING 3 scrolls of teleportation.
  7283 | D:7      | 7283 ||| DRINKING 2 potions of heal wounds.
  7377 | D:7      | 7377 ||| FLEEEEING.
  7455 | D:7      | 7455 ||| Stepping ~*~*~tactically~*~*~ (stealth).
  7483 | D:7      | 7483 ||| INVOKING Heroism.
  7559 | D:7      | 7559 ||| Stepping ~*~*~tactically~*~*~ (stealth).
  7606 | D:7      | Noticed a purple ugly thing
  7626 | D:7      | Killed a purple ugly thing
  7715 | D:7      | Identified the +6 falchion of Wibich {flame, rCorr}
  7718 | D:7      | Identified the +7 plate armour of the Assorted Violins
                  | {-Tele +Inv rElec Str-3}
  7843 | D:7      | Found an ancient bone altar of Kikubaaqudgha.
  8144 | D:7      | 8144 ||| INVOKING Heroism.
  8171 | D:7      | 8171 ||| READING 2 scrolls labelled ILAYNE ELUMEU.
  8172 | D:7      | 8172 ||| READING scroll labelled RIYNAKLIAK.
  8173 | D:7      | 8173 ||| READING 6 scrolls of identify.
  8173 | D:7      | 8173 ||| IDENTIFYING emerald potion
  8174 | D:7      | 8174 ||| DROPPING scroll of immolation.
  8292 | D:8      | Noticed Erica
  8293 | D:8      | 8293 ||| INVOKING Heroism.
  8305 | D:8      | 8305 ||| DRINKING 2 potions of curing.
  8305 | D:8      | 8305 ||| (to cure confusion)
  8309 | D:8      | 8309 ||| DRINKING potion of curing.
  8309 | D:8      | 8309 ||| (to cure confusion)
  8319 | D:8      | 8319 ||| INVOKING Heroism.
  8326 | D:8      | Killed Erica
  8326 | D:8      | Reached **** piety under Okawaru
  8327 | D:8      | Reached skill level 12 in Shields
  8492 | D:8      | Found a stormy altar of Qazlal.
  8526 | D:8      | 8526 ||| INVOKING Heroism.
  8536 | D:8      | Reached XP level 11. HP: 70/72 MP: 12/14
  8590 | D:8      | Noticed a cyclops
  8591 | D:8      | 8591 ||| INVOKING Heroism.
  8598 | D:8      | 8598 ||| Stepping ~*~*~tactically~*~*~ (stealth).
  8607 | D:8      | Killed a cyclops
  8657 | D:8      | 8657 ||| Stepping ~*~*~tactically~*~*~ (stealth).
  8658 | D:8      | 8658 ||| Stepping ~*~*~tactically~*~*~ (stealth).
  8721 | D:8      | Reached skill level 5 in Armour
  8882 | D:8      | 8882 ||| INVOKING Heroism.
  9213 | D:8      | 9213 ||| READING scroll labelled HOSHRY JAELU.
  9214 | D:8      | 9214 ||| READING 5 scrolls of identify.
  9214 | D:8      | 9214 ||| IDENTIFYING sapphire potion
  9215 | D:8      | 9215 ||| DROPPING potion of invisibility.
  9253 | D:9      | 9253 ||| Stepping ~*~*~tactically~*~*~ (stealth).
  9347 | D:9      | Found a white marble altar of Elyvilon.
  9348 | D:9      | 9348 ||| Stepping ~*~*~tactically~*~*~ (hiding).
  9351 | D:9      | 9351 ||| Stepping ~*~*~tactically~*~*~ (hiding).
  9356 | D:9      | 9356 ||| Stepping ~*~*~tactically~*~*~ (stealth).
  9366 | D:9      | 9366 ||| INVOKING Heroism.
  9395 | D:9      | 9395 ||| INVOKING Heroism.
  9563 | D:9      | Reached skill level 6 in Invocations
  9635 | D:9      | 9635 ||| Stepping ~*~*~tactically~*~*~ (stealth).
  9637 | D:9      | 9637 ||| Stepping ~*~*~tactically~*~*~ (stealth).
  9644 | D:9      | 9644 ||| INVOKING Heroism.
  9650 | D:9      | Noticed a sixfirhy
  9712 | D:9      | 9712 ||| Stepping ~*~*~tactically~*~*~ (stealth).
  9714 | D:9      | 9714 ||| Stepping ~*~*~tactically~*~*~ (stealth).
  9725 | D:9      | 9725 ||| INVOKING Heroism.
  9991 | D:9      | 9991 ||| Stepping ~*~*~tactically~*~*~ (stealth).
  9995 | D:9      | 9995 ||| Stepping ~*~*~tactically~*~*~ (stealth).
  9996 | D:9      | 9996 ||| INVOKING Heroism.
 10020 | D:9      | 10020 ||| INVOKING Heroism.
 10037 | D:9      | Noticed Harold
 10054 | D:9      | Reached ***** piety under Okawaru
 10057 | D:9      | Received a gift from Okawaru
 10070 | D:9      | 10070 ||| INVOKING Heroism.
 10072 | D:9      | Killed Harold
 10090 | D:9      | 10090 ||| STAIRDANCE
 10292 | D:8      | 10292 ||| UPGRADING to +0 cloak.
 10333 | D:9      | Found a staircase to the Lair.
 10339 | D:9      | 10339 ||| INVOKING Heroism.
 10371 | D:9      | 10371 ||| INVOKING Heroism.
 10378 | D:9      | 10378 ||| Stepping ~*~*~tactically~*~*~ (water).
 10479 | D:9      | 10479 ||| READING scroll of enchant weapon.
 10479 | D:9      | 10479 ||| ENCHANTING +1 war axe.
 10495 | D:9      | Identified the +10 broad axe of the Riding Gods {vorpal,
                  | rPois Int+7}
 10497 | D:9      | 10497 ||| SWAPPING to +10 broad axe of the Riding Gods
                  | {vorpal, rPois Int+7}.
 10498 | D:9      | 10498 ||| DROPPING +2 war axe.
 10519 | D:9      | Found a blossoming altar of Fedhas.
 10648 | D:9      | 10648 ||| INVOKING Heroism.
 10654 | D:9      | Reached skill level 1 in Throwing
 10735 | D:9      | Found a glowing golden altar of the Shining One.
 10756 | D:9      | 10756 ||| PLANNING LAIR
 10756 | D:9      | 10756 ||| UPGRADING to +0 plate armour.
 10766 | D:9      | 10766 ||| DROPPING +0 chain mail.
 10825 | Lair:1   | Entered Level 1 of the Lair of Beasts
 10826 | Lair:1   | 10826 ||| INVOKING Heroism.
 10897 | Lair:1   | 10897 ||| Stepping ~*~*~tactically~*~*~ (stealth).
 10899 | Lair:1   | 10899 ||| Stepping ~*~*~tactically~*~*~ (hiding).
 10901 | Lair:1   | 10901 ||| INVOKING Heroism.
 10911 | Lair:1   | Reached XP level 12. HP: 52/77 MP: 16/18
 11006 | Lair:1   | 11006 ||| Stepping ~*~*~tactically~*~*~ (stealth).
 11047 | Lair:1   | Found a transporter.
 11059 | Lair:1   | 11059 ||| INVOKING Heroism.
 11094 | Lair:1   | Found a transporter.
 11111 | Lair:1   | Found a one-way gate to the infinite horrors of the Abyss.
 11122 | Lair:1   | 11122 ||| Stepping ~*~*~tactically~*~*~ (stealth).
 11124 | Lair:1   | 11124 ||| Stepping ~*~*~tactically~*~*~ (stealth).
 11134 | Lair:1   | Reached skill level 6 in Armour
 11141 | Lair:1   | 11141 ||| Stepping ~*~*~tactically~*~*~ (stealth).
 11182 | Lair:1   | 11182 ||| INVOKING Heroism.
 11190 | Lair:1   | Reached skill level 9 in Invocations
 11194 | Lair:1   | Identified the +1 chain mail "Qasajeff" {Str+5} (Okawaru
                  | gifted it to you on level 1 of the Lair of Beasts)
 11194 | Lair:1   | Received a gift from Okawaru
 11197 | Lair:1   | Reached skill level 7 in Armour
 11366 | Lair:1   | 11366 ||| Stepping ~*~*~tactically~*~*~ (stealth).
 11375 | Lair:1   | Noticed qw's ghost (journeyman GrFi)
 11429 | Lair:1   | 11429 ||| Stepping ~*~*~tactically~*~*~ (stealth).
 11431 | Lair:1   | 11431 ||| INVOKING Heroism.
 11531 | Lair:1   | 11531 ||| INVOKING Heroism.
 11532 | Lair:1   | 11532 ||| Stepping ~*~*~tactically~*~*~ (stealth).
 11671 | Lair:1   | 11671 ||| INVOKING Heroism.
 11805 | Lair:1   | 11805 ||| DROPPING +1 chain mail "Qasajeff" {Str+5}.
 11806 | Lair:1   | 11806 ||| READING 4 scrolls of identify.
 11806 | Lair:1   | 11806 ||| IDENTIFYING glowing silvery potion
 11807 | Lair:1   | 11807 ||| DROPPING potion of degeneration.
 11920 | Lair:2   | 11920 ||| INVOKING Heroism.
 12108 | Lair:2   | 12108 ||| INVOKING Heroism.
 12131 | Lair:2   | Noticed a four-headed hydra
 12132 | Lair:2   | 12132 ||| INVOKING Finesse.
 12136 | Lair:2   | 12136 ||| SWAPPING to +1 flail of holy wrath.
 12138 | Lair:2   | 12138 ||| INVOKING Heroism.
 12147 | Lair:2   | Killed a four-headed hydra
 12148 | Lair:2   | 12148 ||| SWAPPING to +10 broad axe of the Riding Gods
                  | {vorpal, rPois Int+7}.
 12500 | Lair:2   | 12500 ||| INVOKING Heroism.
 12597 | Lair:2   | 12597 ||| READING scroll of enchant armour.
 12597 | Lair:2   | 12597 ||| ENCHANTING +0 cloak.
 12948 | Lair:2   | 12948 ||| READING scroll labelled AHESIHEMOMN.
 13086 | Lair:3   | Reached skill level 8 in Armour
 13098 | Lair:3   | Found a hole to the Spider Nest.
 13127 | Lair:3   | Noticed a six-headed hydra
 13128 | Lair:3   | 13128 ||| INVOKING Heroism.
 13129 | Lair:3   | 13129 ||| INVOKING Finesse.
 13131 | Lair:3   | 13131 ||| SWAPPING to +1 flail of holy wrath.
 13146 | Lair:3   | Killed a six-headed hydra
 13147 | Lair:3   | 13147 ||| SWAPPING to +10 broad axe of the Riding Gods
                  | {vorpal, rPois Int+7}.
 13482 | Lair:3   | 13482 ||| INVOKING Heroism.
 13494 | Lair:3   | Reached XP level 13. HP: 80/82 MP: 18/20
 13576 | Lair:3   | 13576 ||| INVOKING Heroism.
 13600 | Lair:3   | 13600 ||| Stepping ~*~*~tactically~*~*~ (stealth).
 13603 | Lair:3   | 13603 ||| Stepping ~*~*~tactically~*~*~ (stealth).
 13604 | Lair:3   | 13604 ||| Stepping ~*~*~tactically~*~*~ (stealth).
 13605 | Lair:3   | 13605 ||| Stepping ~*~*~tactically~*~*~ (stealth).
 13681 | Lair:3   | 13681 ||| INVOKING Heroism.
 13682 | Lair:3   | 13682 ||| INVOKING Finesse.
 14013 | Lair:3   | Found a staircase to the Shoals.
 14250 | Lair:4   | 14250 ||| INVOKING Heroism.
 14304 | Lair:4   | 14304 ||| INVOKING Heroism.
 14337 | Lair:4   | 14337 ||| Stepping ~*~*~tactically~*~*~ (stealth).
 14360 | Lair:4   | 14360 ||| INVOKING Heroism.
 14361 | Lair:4   | 14361 ||| Stepping ~*~*~tactically~*~*~ (stealth).
 14364 | Lair:4   | 14364 ||| Stepping ~*~*~tactically~*~*~ (stealth).
 14368 | Lair:4   | 14368 ||| Stepping ~*~*~tactically~*~*~ (stealth).
 14369 | Lair:4   | 14369 ||| Stepping ~*~*~tactically~*~*~ (stealth).
 14380 | Lair:4   | 14380 ||| INVOKING Heroism.
 14533 | Lair:4   | 14533 ||| INVOKING Heroism.
 14534 | Lair:4   | 14534 ||| INVOKING Finesse.
 14537 | Lair:4   | 14537 ||| SWAPPING to +1 flail of holy wrath.
 14556 | Lair:4   | 14556 ||| SWAPPING to +10 broad axe of the Riding Gods
                  | {vorpal, rPois Int+7}.
 14810 | Lair:4   | 14810 ||| INVOKING Heroism.
 14813 | Lair:4   | Reached skill level 12 in Axes
 14826 | Lair:4   | Identified the +0 robe "Pihi" {+Inv rN++ Int-5 Stlth+}
                  | (Okawaru gifted it to you on level 4 of the Lair of Beasts)
 14826 | Lair:4   | Received a gift from Okawaru
 14831 | Lair:4   | Reached skill level 9 in Armour
 15237 | Lair:4   | 15237 ||| DRINKING 2 brown potions.
 15256 | Lair:5   | Entered Level 5 of the Lair of Beasts
 15260 | Lair:5   | 15260 ||| Stepping ~*~*~tactically~*~*~ (stealth).
 15264 | Lair:5   | 15264 ||| Stepping ~*~*~tactically~*~*~ (stealth).
 15272 | Lair:5   | 15272 ||| INVOKING Heroism.
 15358 | Lair:5   | 15358 ||| INVOKING Heroism.
 15399 | Lair:5   | 15399 ||| INVOKING Heroism.
 15490 | Lair:5   | 15490 ||| INVOKING Heroism.
 15491 | Lair:5   | 15491 ||| INVOKING Finesse.
 15499 | Lair:5   | 15499 ||| SWAPPING to +1 flail of holy wrath.
 15504 | Lair:5   | 15504 ||| Stepping ~*~*~tactically~*~*~ (outnumbered).
 15510 | Lair:5   | 15510 ||| Stepping ~*~*~tactically~*~*~ (stealth).
 15514 | Lair:5   | 15514 ||| SWAPPING to +10 broad axe of the Riding Gods
                  | {vorpal, rPois Int+7}.
 15624 | Lair:5   | 15624 ||| INVOKING Heroism.
 15627 | Lair:5   | 15627 ||| INVOKING Finesse.
 15676 | Lair:5   | 15676 ||| INVOKING Heroism.
 15708 | Lair:5   | 15708 ||| INVOKING Heroism.
 15805 | Lair:5   | 15805 ||| INVOKING Heroism.
 15808 | Lair:5   | 15808 ||| SWAPPING to +1 flail of holy wrath.
 15824 | Lair:5   | 15824 ||| SWAPPING to +10 broad axe of the Riding Gods
                  | {vorpal, rPois Int+7}.
 15942 | Lair:5   | 15942 ||| INVOKING Heroism.
 15951 | Lair:5   | Gained mutation: Your large and strong wings let you fly.
                  | [Gargoyle growth]
 15951 | Lair:5   | Reached XP level 14. HP: 88/88 MP: 19/21
 15977 | Lair:5   | Reached skill level 15 in Shields
 16018 | Lair:5   | 16018 ||| INVOKING Heroism.
 16019 | Lair:5   | Found a staircase to the Slime Pits.
 16020 | Lair:5   | Found a viscous altar of Jiyva.
 16021 | Lair:5   | 16021 ||| FLEEEEING.
 16022 | Lair:5   | 16022 ||| FLEEEEING.
 16023 | Lair:5   | 16023 ||| FLEEEEING.
 16089 | Lair:5   | 16089 ||| INVOKING Heroism.
 16157 | Lair:5   | Noticed a dire elephant
 16157 | Lair:5   | Noticed a dire elephant
 16158 | Lair:5   | Noticed a dire elephant
 16160 | Lair:5   | Noticed a dire elephant
 16161 | Lair:5   | 16161 ||| INVOKING Heroism.
 16168 | Lair:5   | Killed a dire elephant
 16187 | Lair:5   | 16187 ||| Stepping ~*~*~tactically~*~*~ (stealth).
 16188 | Lair:5   | 16188 ||| Stepping ~*~*~tactically~*~*~ (stealth).
 16236 | Lair:5   | Noticed a dire elephant
 16237 | Lair:5   | 16237 ||| INVOKING Heroism.
 16254 | Lair:5   | Killed a dire elephant
 16255 | Lair:5   | Reached skill level 10 in Armour
 16305 | Lair:5   | 16305 ||| INVOKING Heroism.
 16306 | Lair:5   | 16306 ||| INVOKING Finesse.
 16307 | Lair:5   | 16307 ||| FLEEEEING.
 16308 | Lair:5   | 16308 ||| FLEEEEING.
 16309 | Lair:5   | 16309 ||| FLEEEEING.
 16478 | Lair:5   | 16478 ||| INVOKING Heroism.
 16493 | Lair:5   | 16493 ||| DRINKING potion of cancellation.
 16769 | Lair:5   | 16769 ||| INVOKING Heroism.
 17132 | Lair:5   | 17132 ||| INVOKING Heroism.
 17133 | Lair:5   | 17133 ||| INVOKING Finesse.
 17184 | Lair:5   | 17184 ||| INVOKING Finesse.
 17205 | Lair:5   | 17205 ||| INVOKING Heroism.
 17213 | Lair:5   | 17213 ||| Stepping ~*~*~tactically~*~*~ (hiding).
 17228 | Lair:5   | 17228 ||| INVOKING Heroism.
 17273 | Lair:5   | 17273 ||| INVOKING Heroism.
 17359 | Lair:5   | 17359 ||| INVOKING Heroism.
 17522 | Lair:5   | 17522 ||| Stepping ~*~*~tactically~*~*~ (stealth).
 17523 | Lair:5   | 17523 ||| INVOKING Heroism.
 17537 | Lair:5   | Killed a dire elephant
 17542 | Lair:5   | Killed a dire elephant
 17548 | Lair:5   | Killed a dire elephant
 17787 | Lair:5   | 17787 ||| READING 9 scrolls of teleportation.
 17850 | Lair:5   | 17850 ||| READING 8 scrolls of teleportation.
 17929 | Lair:5   | 17929 ||| READING 7 scrolls of teleportation.
 17952 | Lair:5   | 17952 ||| READING 6 scrolls of teleportation.
 17987 | Lair:5   | 17987 ||| READING 5 scrolls of teleportation.
 18020 | Lair:5   | 18020 ||| READING 4 scrolls of teleportation.
 18057 | Lair:5   | 18057 ||| READING 3 scrolls of teleportation.
 18078 | Lair:5   | 18078 ||| READING 2 scrolls of teleportation.
 18117 | Lair:5   | 18117 ||| READING scroll of teleportation.
 18166 | Lair:5   | 18166 ||| Stepping randomly (stuck).
 18167 | Lair:5   | 18167 ||| Stepping randomly (stuck).
 18168 | Lair:5   | 18168 ||| Stepping randomly (stuck).
 18169 | Lair:5   | 18169 ||| Stepping randomly (stuck).
 18170 | Lair:5   | 18170 ||| Stepping randomly (stuck).
 18171 | Lair:5   | 18171 ||| Stepping randomly (stuck).
 18172 | Lair:5   | 18172 ||| Stepping randomly (stuck).
 18173 | Lair:5   | 18173 ||| Stepping randomly (stuck).
 18227 | Lair:5   | 18227 ||| Stepping ~*~*~tactically~*~*~ (hiding).
 18230 | Lair:5   | 18230 ||| Stepping ~*~*~tactically~*~*~ (hiding).
 18301 | Lair:5   | 18301 ||| PLANNING D:1-11
 18301 | Lair:5   | 18301 ||| READING scroll labelled CAXIUSKIRCHIN.
 18436 | D:10     | Entered Level 10 of the Dungeon
 18447 | D:10     | Found Gafeps's Magic Scroll Shop.
 18455 | D:10     | 18455 ||| BUYING scroll of identify (22 gold).
 18455 | D:10     | Bought a scroll of identify for 22 gold pieces
 18455 | D:10     | 18455 ||| BUYING scroll of teleportation (33 gold).
 18455 | D:10     | Bought a scroll of teleportation for 33 gold pieces
 18455 | D:10     | 18455 ||| BUYING scroll of teleportation (33 gold).
 18455 | D:10     | Bought a scroll of teleportation for 33 gold pieces
 18473 | D:10     | Found a staircase to the Orcish Mines.
 18570 | D:10     | 18570 ||| INVOKING Heroism.
 18934 | D:10     | 18934 ||| INVOKING Heroism.
 19217 | D:11     | Noticed Sonja
 19218 | D:11     | 19218 ||| INVOKING Finesse.
 19221 | D:11     | Killed Sonja
 19253 | D:11     | 19253 ||| Stepping ~*~*~tactically~*~*~ (stealth).
 19255 | D:11     | 19255 ||| INVOKING Heroism.
 19421 | D:11     | 19421 ||| Stepping ~*~*~tactically~*~*~ (stealth).
 19423 | D:11     | 19423 ||| Stepping ~*~*~tactically~*~*~ (hiding).
 19428 | D:11     | 19428 ||| INVOKING Heroism.
 19430 | D:11     | Received a gift from Okawaru
 19555 | D:11     | 19555 ||| DROPPING +1 flail of holy wrath.
 19599 | D:11     | 19599 ||| Stepping ~*~*~tactically~*~*~ (hiding).
 19662 | D:11     | 19662 ||| Stepping ~*~*~tactically~*~*~ (stealth).
 19664 | D:11     | 19664 ||| Stepping ~*~*~tactically~*~*~ (stealth).
 19667 | D:11     | 19667 ||| Stepping ~*~*~tactically~*~*~ (stealth).
 19671 | D:11     | 19671 ||| Stepping ~*~*~tactically~*~*~ (stealth).
 19676 | D:11     | Reached XP level 15. HP: 91/94 MP: 22/22
 20203 | D:11     | 20203 ||| PLANNING D
 20203 | D:11     | 20203 ||| UPGRADING to ring of willpower.
 20204 | D:11     | 20204 ||| DROPPING ring of wizardry.
 20223 | D:12     | 20223 ||| Stepping ~*~*~tactically~*~*~ (stealth).
 20225 | D:12     | 20225 ||| INVOKING Heroism.
 20451 | D:12     | Reached skill level 3 in Throwing
 20631 | D:12     | Found a transporter.
 20653 | D:12     | Found a transporter.
 20744 | D:12     | Noticed Josephine
 20744 | D:12     | 20744 ||| Stepping ~*~*~tactically~*~*~ (hiding).
 20752 | D:12     | Killed Josephine
 20752 | D:12     | Identified the +1 cloak of an ossuary {rN+ rCorr Dex+4}
                  | (Okawaru gifted it to you on level 12 of the Dungeon)
 20752 | D:12     | Received a gift from Okawaru
 20883 | D:12     | 20883 ||| UPGRADING to +1 cloak of an ossuary {rN+ rCorr
                  | Dex+4}.
 20893 | D:12     | 20893 ||| DROPPING +1 cloak.
 20894 | D:12     | 20894 ||| UPGRADING to amulet of the acrobat.
 20928 | D:13     | 20928 ||| PLANNING GAUNTLET
 20941 | D:13     | Identified the +0 pair of boots of Eclelam {rElec Int+3
                  | SInv Stlth+}
 20977 | D:13     | Noticed Urug
 20978 | D:13     | 20978 ||| INVOKING Heroism.
 20979 | D:13     | 20979 ||| INVOKING Finesse.
 20991 | D:13     | Killed Urug
 21035 | D:13     | 21035 ||| INVOKING Heroism.
 21036 | D:13     | 21036 ||| INVOKING Finesse.
 21038 | D:13     | 21038 ||| SWAPPING to +3 vampiric whip.
 21058 | D:13     | 21058 ||| SWAPPING to +10 broad axe of the Riding Gods
                  | {vorpal, rPois Int+7}.
 21068 | D:13     | Reached skill level 3 in Dodging
 21091 | D:13     | 21091 ||| Stepping ~*~*~tactically~*~*~ (stealth).
 21097 | D:13     | 21097 ||| Stepping ~*~*~tactically~*~*~ (stealth).
 21381 | D:13     | Found a gate leading to a gauntlet.
 21382 | D:13     | 21382 ||| UPGRADING to +0 pair of boots of Eclelam {rElec
                  | Int+3 SInv Stlth+}.
 21387 | D:13     | 21387 ||| UPGRADING to amulet of regeneration.
 21397 | D:13     | 21397 ||| DROPPING amulet of the acrobat.
 21398 | D:13     | 21398 ||| READING 7 scrolls of identify.
 21398 | D:13     | 21398 ||| IDENTIFYING grey potion
 21399 | D:13     | 21399 ||| DROPPING potion of ambrosia.
 21408 | Gauntlet | Entered a Gauntlet
 21408 | Gauntlet | Found a transporter.
 21416 | Gauntlet | Found a transporter.
 21419 | Gauntlet | Found the necklace of Bloodlust {*Rage Will++ Int-3 Slay+6}
 21420 | Gauntlet | Found a transporter.
 21428 | Gauntlet | Found a transporter.
 21432 | Gauntlet | Found a transporter.
 21440 | Gauntlet | Found a transporter.
 21444 | Gauntlet | Found a transporter.
 21450 | Gauntlet | Found a runed translucent gate.
 21450 | Gauntlet | Found a runed translucent gate.
 21450 | Gauntlet | Found a runed translucent gate.
 21452 | Gauntlet | Found a transporter.
 21456 | Gauntlet | Found a transporter.
 21467 | Gauntlet | Found a transporter.
 21495 | Gauntlet | Found a transporter.
 21507 | Gauntlet | Found a transporter.
 21520 | Gauntlet | Found a transporter.
 21533 | Gauntlet | Found a transporter.
 21584 | Gauntlet | 21584 ||| READING 6 scrolls of identify.
 21584 | Gauntlet | 21584 ||| IDENTIFYING lumpy silvery potion
 21631 | Gauntlet | 21631 ||| INVOKING Heroism.
 21640 | Gauntlet | Reached skill level 11 in Armour
 21672 | Gauntlet | 21672 ||| INVOKING Heroism.
 21716 | Gauntlet | Identified the +10 dagger "Newt's Demise" {speed, rN+}
 21727 | Gauntlet | 21727 ||| INVOKING Heroism.
 21771 | Gauntlet | 21771 ||| UPGRADING to +6 ring of dexterity.
 21785 | D:13     | 21785 ||| PLANNING D
 21821 | D:13     | 21821 ||| FLEEEEING.
 21822 | D:13     | 21822 ||| FLEEEEING.
 21823 | D:13     | 21823 ||| FLEEEEING.
 21825 | D:13     | 21825 ||| Stepping ~*~*~tactically~*~*~ (hiding).
 21828 | D:13     | Noticed Jorgrun
 21829 | D:13     | 21829 ||| INVOKING Heroism.
 21830 | D:13     | 21830 ||| INVOKING Finesse.
 21845 | D:13     | Killed Jorgrun
 21886 | D:13     | Identified the +1 cloak "Niumnim" {-Tele rPois Regen+}
 22149 | D:13     | Found a gate to the Vaults.
 22150 | D:13     | 22150 ||| INVOKING Heroism.
 22157 | D:13     | Reached skill level 15 in Axes
 22212 | D:13     | Noticed Rupert
 22213 | D:13     | 22213 ||| INVOKING Heroism.
 22214 | D:13     | 22214 ||| INVOKING Finesse.
 22230 | D:13     | Killed Rupert
 22345 | D:13     | 22345 ||| UPGRADING to +6 ring of strength.
 22347 | D:13     | 22347 ||| UPGRADING to +2 chain mail of cold resistance.
 22357 | D:13     | 22357 ||| DROPPING ring of willpower.
 22386 | D:14     | 22386 ||| STAIRDANCE
 22552 | D:14     | 22552 ||| Stepping ~*~*~tactically~*~*~ (hiding).
 22557 | D:14     | 22557 ||| INVOKING Heroism.
 22558 | D:14     | Identified the +1 scale mail "Neniog" {rPois Slay+5}
                  | (Okawaru gifted it to you on level 14 of the Dungeon)
 22558 | D:14     | Received a gift from Okawaru
 22617 | D:14     | 22617 ||| INVOKING Heroism.
 22618 | D:14     | 22618 ||| SWAPPING to +3 vampiric whip.
 22619 | D:14     | 22619 ||| INVOKING Finesse.
 22634 | D:14     | 22634 ||| SWAPPING to +10 broad axe of the Riding Gods
                  | {vorpal, rPois Int+7}.
 22801 | D:14     | Found Iharomno's Book Shop.
 22859 | D:14     | 22859 ||| INVOKING Heroism.
 22955 | D:14     | 22955 ||| INVOKING Heroism.
 23119 | D:14     | Reached XP level 16. HP: 101/101 MP: 23/23
 23140 | D:14     | 23140 ||| FLEEEEING.
 23141 | D:14     | 23141 ||| FLEEEEING.
 23147 | D:14     | 23147 ||| FLEEEEING.
 23148 | D:14     | 23148 ||| FLEEEEING.
 23170 | D:14     | Reached skill level 12 in Fighting
 23323 | D:14     | 23323 ||| Stepping ~*~*~tactically~*~*~ (stealth).
 23327 | D:14     | 23327 ||| Stepping ~*~*~tactically~*~*~ (stealth).
 23331 | D:14     | 23331 ||| INVOKING Heroism.
 23335 | D:14     | 23335 ||| READING 3 scrolls of teleportation.
 23441 | D:14     | 23441 ||| Stepping ~*~*~tactically~*~*~ (stealth).
 23444 | D:14     | 23444 ||| Stepping ~*~*~tactically~*~*~ (stealth).
 23580 | D:14     | 23580 ||| DROPPING amulet of faith.
 23595 | D:15     | Entered Level 15 of the Dungeon
 23600 | D:15     | 23600 ||| INVOKING Heroism.
 23722 | D:15     | 23722 ||| Stepping ~*~*~tactically~*~*~ (stealth).
 23753 | D:15     | 23753 ||| INVOKING Heroism.
 23806 | D:15     | Found a frozen archway.
 23807 | D:15     | 23807 ||| INVOKING Heroism.
 23808 | D:15     | 23808 ||| INVOKING Finesse.
 23810 | D:15     | Noticed Agnes
 23821 | D:15     | Killed Agnes
 23836 | D:15     | 23836 ||| READING 2 scrolls of teleportation.
 23979 | D:15     | 23979 ||| Stepping ~*~*~tactically~*~*~ (stealth).
 23981 | D:15     | 23981 ||| Stepping ~*~*~tactically~*~*~ (stealth).
 23983 | D:15     | 23983 ||| INVOKING Heroism.
 24023 | D:15     | 24023 ||| DROPPING +0 flail of protection.
 24030 | D:15     | 24030 ||| INVOKING Heroism.
 24031 | D:15     | 24031 ||| INVOKING Finesse.
 24211 | D:15     | 24211 ||| INVOKING Heroism.
 24212 | D:15     | 24212 ||| Stepping ~*~*~tactically~*~*~ (stealth).
 24214 | D:15     | 24214 ||| SWAPPING to +3 vampiric whip.
 24226 | D:15     | 24226 ||| SWAPPING to +10 broad axe of the Riding Gods
                  | {vorpal, rPois Int+7}.
 24400 | D:15     | 24400 ||| INVOKING Heroism.
 24474 | D:15     | 24474 ||| FLEEEEING.
 24475 | D:15     | 24475 ||| FLEEEEING.
 24476 | D:15     | 24476 ||| FLEEEEING.
 24477 | D:15     | 24477 ||| Stepping ~*~*~tactically~*~*~ (hiding).
 24500 | D:15     | Found a staircase to the Depths.
 24501 | D:15     | 24501 ||| INVOKING Heroism.
 24514 | D:15     | 24514 ||| PLANNING ORC
 24667 | Orc:1    | Entered Level 1 of the Orcish Mines
 24668 | Orc:1    | 24668 ||| INVOKING Heroism.
 24701 | Orc:1    | Received a gift from Okawaru
 24876 | Orc:2    | Entered Level 2 of the Orcish Mines
 24879 | Orc:2    | 24879 ||| INVOKING Heroism.
 24951 | Orc:2    | 24951 ||| INVOKING Heroism.
 24996 | Orc:2    | Found a staircase to the Elven Halls.
 25005 | Orc:2    | 25005 ||| Stepping ~*~*~tactically~*~*~ (hiding).
 25006 | Orc:2    | 25006 ||| Stepping ~*~*~tactically~*~*~ (hiding).
 25209 | Orc:2    | 25209 ||| INVOKING Heroism.
 25270 | Orc:2    | 25270 ||| Stepping ~*~*~tactically~*~*~ (stealth).
 25277 | Orc:2    | 25277 ||| Stepping ~*~*~tactically~*~*~ (hiding).
 25283 | Orc:2    | 25283 ||| INVOKING Heroism.
 25290 | Orc:2    | 25290 ||| DRINKING 10 potions of curing.
 25290 | Orc:2    | 25290 ||| (to cure confusion)
 25533 | Orc:2    | 25533 ||| Stepping ~*~*~tactically~*~*~ (hiding).
 25639 | Orc:2    | 25639 ||| Stepping ~*~*~tactically~*~*~ (stealth).
 25641 | Orc:2    | 25641 ||| Stepping ~*~*~tactically~*~*~ (hiding).
 25657 | Orc:2    | 25657 ||| Stepping ~*~*~tactically~*~*~ (stealth).
 25659 | Orc:2    | 25659 ||| INVOKING Heroism.
 25663 | Orc:2    | 25663 ||| Stepping ~*~*~tactically~*~*~ (hiding).
 25694 | Orc:2    | 25694 ||| INVOKING Heroism.
 25711 | Orc:2    | HP: 16/101 [orc high priest/divine providence (13)]
 25712 | Orc:2    | 25712 ||| READING scroll of teleportation.
 25713 | Orc:2    | 25713 ||| DRINKING 8 potions of heal wounds.
 25713 | Orc:2    | Gained mutation: Potions are less effective at restoring
                  | your health. [a neqoxec]
 25714 | Orc:2    | 25714 ||| DRINKING 7 potions of heal wounds.
 25716 | Orc:2    | HP: 21/101 [orc priest/divine providence (12)]
 25717 | Orc:2    | 25717 ||| DRINKING 6 potions of heal wounds.
 25797 | Orc:2    | 25797 ||| DRINKING 3 potions of mutation.
 25797 | Orc:2    | Lost mutation: Potions are less effective at restoring your
                  | health. [potion of mutation]
 25797 | Orc:2    | Gained mutation: Your body sometimes deteriorates upon
                  | taking damage. [potion of mutation]
 25797 | Orc:2    | Gained mutation: You are partially covered in iridescent
                  | scales. (AC +2) [potion of mutation]
 25844 | Orc:2    | 25844 ||| Stepping ~*~*~tactically~*~*~ (hiding).
 25846 | Orc:2    | 25846 ||| INVOKING Heroism.
 25856 | Orc:2    | 25856 ||| Stepping ~*~*~tactically~*~*~ (hiding).
 25857 | Orc:2    | 25857 ||| Stepping ~*~*~tactically~*~*~ (hiding).
 25865 | Orc:2    | Reached skill level 6 in Dodging
 25866 | Orc:2    | Identified the +1 pair of boots of Ofe Zeplu {rF+} (Okawaru
                  | gifted it to you on level 2 of the Orcish Mines)
 25866 | Orc:2    | Received a gift from Okawaru
 25867 | Orc:2    | 25867 ||| Stepping ~*~*~tactically~*~*~ (hiding).
 25986 | Orc:2    | Found Ojiu's Magic Scroll Shoppe.
 25986 | Orc:2    | Found Hexun's Jewellery Shop.
 25988 | Orc:2    | Found Ifru's Antique Weapon Shoppe.
 25988 | Orc:2    | Found Befe Oseopp's Weapon Shop.
 25994 | Orc:2    | 25994 ||| BUYING scroll of identify (24 gold).
 25994 | Orc:2    | Bought a scroll of identify for 24 gold pieces
 25994 | Orc:2    | 25994 ||| BUYING scroll of identify (24 gold).
 25994 | Orc:2    | Bought a scroll of identify for 24 gold pieces
 25994 | Orc:2    | 25994 ||| BUYING scroll of teleportation (36 gold).
 25994 | Orc:2    | Bought a scroll of teleportation for 36 gold pieces
 25994 | Orc:2    | 25994 ||| BUYING scroll of teleportation (36 gold).
 25994 | Orc:2    | Bought a scroll of teleportation for 36 gold pieces
 25994 | Orc:2    | 25994 ||| BUYING scroll of teleportation (36 gold).
 25994 | Orc:2    | Bought a scroll of teleportation for 36 gold pieces
 25997 | Orc:2    | 25997 ||| BUYING morningstar (128 gold).
 25997 | Orc:2    | Bought a morningstar for 128 gold pieces
 25997 | Orc:2    | 25997 ||| BUYING runed flail (208 gold).
 25997 | Orc:2    | Bought a runed flail for 208 gold pieces
 25997 | Orc:2    | 25997 ||| DROPPING +3 vampiric whip.
 25998 | Orc:2    | 25998 ||| DROPPING +0 flail of protection.
 26002 | Orc:2    | 26002 ||| BUYING +4 ring of protection (504 gold).
 26002 | Orc:2    | Bought a +4 ring of protection for 504 gold pieces
 26002 | Orc:2    | 26002 ||| BUYING +4 ring of protection (504 gold).
 26002 | Orc:2    | Bought a +4 ring of protection for 504 gold pieces
 26002 | Orc:2    | 26002 ||| SHOPLISTING amulet of the Hungering Gods {Reflect
                  | Str-3 Dex+5 SH+5} (576 gold, have 142).
 26002 | Orc:2    | 26002 ||| SHOPLISTING ring of ice (350 gold, have 142).
 26002 | Orc:2    | 26002 ||| SHOPLISTING ring of protection from fire (350
                  | gold, have 142).
 26002 | Orc:2    | 26002 ||| UPGRADING to +1 pair of boots of Ofe Zeplu {rF+}.
 26012 | Orc:2    | 26012 ||| UPGRADING to +4 ring of protection.
 26014 | Orc:2    | 26014 ||| UPGRADING to +4 ring of protection.
 26016 | Orc:2    | 26016 ||| DROPPING +6 ring of strength.
 26017 | Orc:2    | 26017 ||| DROPPING +6 ring of dexterity.
 26083 | Orc:1    | 26083 ||| Stepping ~*~*~tactically~*~*~ (hiding).
 26085 | Orc:1    | 26085 ||| Stepping ~*~*~tactically~*~*~ (hiding).
 26091 | Orc:1    | 26091 ||| INVOKING Heroism.
 26161 | Orc:1    | 26161 ||| PLANNING SPIDER:1-3
 26278 | Spider:1 | Entered Level 1 of the Spider Nest
 26298 | Spider:1 | 26298 ||| Stepping ~*~*~tactically~*~*~ (stealth).
 26307 | Spider:1 | 26307 ||| Stepping ~*~*~tactically~*~*~ (hiding).
 26333 | Spider:1 | Noticed Nikola
 26334 | Spider:1 | 26334 ||| Stepping ~*~*~tactically~*~*~ (hiding).
 26335 | Spider:1 | 26335 ||| Stepping ~*~*~tactically~*~*~ (hiding).
 26339 | Spider:1 | 26339 ||| INVOKING Heroism.
 26340 | Spider:1 | 26340 ||| INVOKING Finesse.
 26353 | Spider:1 | Killed Nikola
 26366 | Spider:1 | 26366 ||| Stepping ~*~*~tactically~*~*~ (stealth).
 26368 | Spider:1 | 26368 ||| Stepping ~*~*~tactically~*~*~ (stealth).
 26373 | Spider:1 | 26373 ||| Stepping ~*~*~tactically~*~*~ (stealth).
 26388 | Spider:1 | 26388 ||| Stepping ~*~*~tactically~*~*~ (stealth).
 26391 | Spider:1 | 26391 ||| Stepping ~*~*~tactically~*~*~ (stealth).
 26459 | Spider:1 | 26459 ||| Stepping ~*~*~tactically~*~*~ (stealth).
 26460 | Spider:1 | 26460 ||| Stepping ~*~*~tactically~*~*~ (stealth).
 26461 | Spider:1 | 26461 ||| Stepping ~*~*~tactically~*~*~ (stealth).
 26537 | Spider:1 | 26537 ||| INVOKING Heroism.
 26551 | Spider:1 | 26551 ||| Stepping ~*~*~tactically~*~*~ (hiding).
 26561 | Spider:1 | 26561 ||| INVOKING Finesse.
 26659 | Spider:1 | 26659 ||| INVOKING Finesse.
 26882 | Spider:1 | 26882 ||| READING scroll labelled VIUKHI HUMAQUDGH.
 27071 | Spider:2 | 27071 ||| Stepping ~*~*~tactically~*~*~ (stealth).
 27084 | Spider:2 | 27084 ||| INVOKING Heroism.
 27141 | Spider:2 | 27141 ||| INVOKING Heroism.
 27148 | Spider:2 | Reached XP level 17. HP: 106/106 MP: 22/24
 27158 | Spider:2 | 27158 ||| Stepping ~*~*~tactically~*~*~ (stealth).
 27264 | Spider:2 | 27264 ||| INVOKING Heroism.
 27274 | Spider:2 | 27274 ||| READING 6 scrolls of teleportation.
 27368 | Spider:2 | Noticed Roxanne
 27369 | Spider:2 | 27369 ||| INVOKING Heroism.
 27394 | Spider:2 | HP: 24/108 [Roxanne/crystal spear (67)]
 27395 | Spider:2 | 27395 ||| READING 5 scrolls of teleportation.
 27396 | Spider:2 | 27396 ||| DRINKING 5 potions of heal wounds.
 27397 | Spider:2 | 27397 ||| DRINKING 4 potions of heal wounds.
 27397 | Spider:2 | HP: 4/108 [Roxanne/bolt of magma (33)]
 27398 | Spider:2 | 27398 ||| DRINKING 3 potions of heal wounds.
 27562 | Spider:2 | 27562 ||| Stepping ~*~*~tactically~*~*~ (stealth).
 27563 | Spider:2 | 27563 ||| Stepping ~*~*~tactically~*~*~ (stealth).
 27564 | Spider:2 | 27564 ||| Stepping ~*~*~tactically~*~*~ (stealth).
 27565 | Spider:2 | 27565 ||| Stepping ~*~*~tactically~*~*~ (stealth).
 27567 | Spider:2 | 27567 ||| INVOKING Heroism.
 27770 | Spider:2 | 27770 ||| INVOKING Heroism.
 27790 | Spider:2 | Killed Roxanne
 27889 | Spider:3 | 27889 ||| INVOKING Heroism.
 27891 | Spider:3 | 27891 ||| STAIRDANCE
 27931 | Spider:3 | 27931 ||| Stepping ~*~*~tactically~*~*~ (stealth).
 27942 | Spider:3 | Received a gift from Okawaru
 27943 | Spider:3 | 27943 ||| Stepping ~*~*~tactically~*~*~ (hiding).
 27952 | Spider:3 | 27952 ||| FLEEEEING.
 27953 | Spider:3 | 27953 ||| FLEEEEING.
 27954 | Spider:3 | 27954 ||| FLEEEEING.
 27955 | Spider:3 | 27955 ||| FLEEEEING.
 27956 | Spider:3 | 27956 ||| FLEEEEING.
 27957 | Spider:3 | 27957 ||| FLEEEEING.
 27958 | Spider:3 | 27958 ||| FLEEEEING.
 27959 | Spider:3 | 27959 ||| STAIRDANCE
 28023 | Spider:3 | 28023 ||| Stepping ~*~*~tactically~*~*~ (hiding).
 28031 | Spider:3 | 28031 ||| INVOKING Heroism.
 28096 | Spider:3 | 28096 ||| Stepping ~*~*~tactically~*~*~ (hiding).
 28100 | Spider:3 | 28100 ||| INVOKING Heroism.
 28115 | Spider:3 | Reached skill level 6 in Throwing
 28141 | Spider:3 | 28141 ||| Stepping ~*~*~tactically~*~*~ (stealth).
 28143 | Spider:3 | 28143 ||| Stepping ~*~*~tactically~*~*~ (hiding).
 28261 | Spider:3 | 28261 ||| Stepping ~*~*~tactically~*~*~ (stealth).
 28263 | Spider:3 | 28263 ||| Stepping ~*~*~tactically~*~*~ (stealth).
 28264 | Spider:3 | 28264 ||| Stepping ~*~*~tactically~*~*~ (stealth).
 28392 | Spider:3 | 28392 ||| Stepping ~*~*~tactically~*~*~ (stealth).
 28393 | Spider:3 | 28393 ||| Stepping ~*~*~tactically~*~*~ (stealth).
 28397 | Spider:3 | 28397 ||| Stepping ~*~*~tactically~*~*~ (stealth).
 28401 | Spider:3 | 28401 ||| Stepping ~*~*~tactically~*~*~ (stealth).
 28403 | Spider:3 | 28403 ||| Stepping ~*~*~tactically~*~*~ (stealth).
 28503 | Spider:3 | Received a gift from Okawaru
 28504 | Spider:3 | 28504 ||| INVOKING Finesse.
 28795 | Spider:3 | 28795 ||| Stepping ~*~*~tactically~*~*~ (stealth).
 28797 | Spider:3 | 28797 ||| Stepping ~*~*~tactically~*~*~ (stealth).
 28911 | Spider:3 | 28911 ||| INVOKING Heroism.
 29017 | Spider:3 | 29017 ||| PLANNING SHOALS:1-3
 29183 | Shoals:1 | Entered Level 1 of the Shoals
 29185 | Shoals:1 | 29185 ||| INVOKING Heroism.
 29205 | Shoals:1 | Noticed Kirke
 29214 | Shoals:1 | Killed Kirke
 29226 | Shoals:1 | 29226 ||| INVOKING Heroism.
 29356 | Shoals:1 | 29356 ||| INVOKING Heroism.
 29392 | Shoals:1 | Found Hoxaod's Magic Scroll Shop.
 29395 | Shoals:1 | 29395 ||| BUYING scroll of enchant armour (135 gold).
 29395 | Shoals:1 | Bought a scroll of enchant armour for 135 gold pieces
 29395 | Shoals:1 | 29395 ||| BUYING scroll of enchant weapon (135 gold).
 29395 | Shoals:1 | Bought a scroll of enchant weapon for 135 gold pieces
 29395 | Shoals:1 | 29395 ||| BUYING scroll of teleportation (54 gold).
 29395 | Shoals:1 | Bought a scroll of teleportation for 54 gold pieces
 29751 | Shoals:1 | 29751 ||| INVOKING Heroism.
 29952 | Shoals:1 | 29952 ||| DROPPING amulet of magic regeneration.
 29953 | Shoals:1 | 29953 ||| READING scroll labelled AMIBLO XAGHUWN.
 29953 | Shoals:1 | Identified a scroll of acquirement
 29953 | Shoals:1 | 29953 ||| ACQUIRING ring of resist corrosion
 29953 | Shoals:1 | Acquired a ring of resist corrosion
 30004 | Shoals:2 | 30004 ||| STAIRDANCE
 30013 | Shoals:1 | Received a gift from Okawaru
 30017 | Shoals:2 | 30017 ||| STAIRDANCE
 30030 | Shoals:2 | 30030 ||| STAIRDANCE
 30038 | Shoals:2 | 30038 ||| INVOKING Heroism.
 30039 | Shoals:2 | 30039 ||| INVOKING Finesse.
 30066 | Shoals:2 | Reached skill level 18 in Axes
 30147 | Shoals:2 | 30147 ||| INVOKING Heroism.
 30190 | Shoals:2 | 30190 ||| INVOKING Heroism.
 30192 | Shoals:2 | Noticed a kraken
 30205 | Shoals:2 | Killed a kraken
 30270 | Shoals:2 | 30270 ||| Stepping ~*~*~tactically~*~*~ (hiding).
 30484 | Shoals:2 | 30484 ||| INVOKING Heroism.
 30528 | Shoals:2 | Reached XP level 18. HP: 114/114 MP: 25/25
 30528 | Shoals:2 | 30528 ||| DROPPING +0 morningstar.
 30539 | Shoals:2 | 30539 ||| INVOKING Heroism.
 30560 | Shoals:2 | Identified the +7 chain mail "Gapullam" {Fly rElec Dex-2
                  | SInv} (Okawaru gifted it to you on level 2 of the Shoals)
 30560 | Shoals:2 | Received a gift from Okawaru
 30565 | Shoals:2 | Reached skill level 12 in Armour
 30909 | Shoals:2 | 30909 ||| DROPPING +0 plate armour.
 30910 | Shoals:2 | 30910 ||| UPGRADING to +7 chain mail "Gapullam" {Fly rElec
                  | Dex-2 SInv}.
 30971 | Shoals:3 | 30971 ||| Stepping ~*~*~tactically~*~*~ (stealth).
 31056 | Shoals:3 | 31056 ||| Stepping ~*~*~tactically~*~*~ (hiding).
 31057 | Shoals:3 | 31057 ||| Stepping ~*~*~tactically~*~*~ (hiding).
 31060 | Shoals:3 | 31060 ||| INVOKING Heroism.
 31104 | Shoals:3 | 31104 ||| INVOKING Heroism.
 31122 | Shoals:3 | Reached skill level 18 in Shields
 31230 | Shoals:3 | 31230 ||| INVOKING Heroism.
 31754 | Shoals:3 | 31754 ||| PLANNING SPIDER:4
 31938 | Spider:4 | Entered Level 4 of the Spider Nest
 31939 | Spider:4 | 31939 ||| INVOKING Heroism.
 31940 | Spider:4 | 31940 ||| STAIRDANCE
 31952 | Spider:4 | 31952 ||| STAIRDANCE
 31960 | Spider:4 | 31960 ||| STAIRDANCE
 31969 | Spider:4 | 31969 ||| STAIRDANCE
 31976 | Spider:4 | 31976 ||| STAIRDANCE
 31998 | Spider:4 | 31998 ||| STAIRDANCE
 32002 | Spider:3 | 32002 ||| INVOKING Heroism.
 32168 | Spider:4 | Found a transporter.
 32173 | Spider:4 | Noticed cfbundy's ghost (adept FoFi)
 32184 | Spider:4 | 32184 ||| INVOKING Finesse.
 32200 | Spider:4 | Reached skill level 15 in Fighting
 32217 | Spider:4 | Identified the +1 chain mail of the Amoeba {Dex+4}
 32227 | Spider:4 | 32227 ||| INVOKING Finesse.
 32229 | Spider:4 | 32229 ||| Stepping ~*~*~tactically~*~*~ (hiding).
 32230 | Spider:4 | 32230 ||| Stepping ~*~*~tactically~*~*~ (hiding).
 32294 | Spider:4 | Found a transporter.
 32350 | Spider:4 | 32350 ||| Stepping ~*~*~tactically~*~*~ (stealth).
 32352 | Spider:4 | 32352 ||| Stepping ~*~*~tactically~*~*~ (hiding).
 32353 | Spider:4 | 32353 ||| Stepping ~*~*~tactically~*~*~ (hiding).
 32355 | Spider:4 | 32355 ||| INVOKING Finesse.
 32396 | Spider:4 | 32396 ||| INVOKING Heroism.
 32602 | Spider:4 | 32602 ||| Stepping ~*~*~tactically~*~*~ (stealth).
 32605 | Spider:4 | 32605 ||| INVOKING Heroism.
 32626 | Spider:4 | 32626 ||| INVOKING Finesse.
 32631 | Spider:4 | 32631 ||| INVOKING Heroism.
 32667 | Spider:4 | Reached skill level 13 in Armour
 32671 | Spider:4 | Received a gift from Okawaru
 32871 | Spider:4 | 32871 ||| INVOKING Heroism.
 32887 | Spider:4 | Received a gift from Okawaru
 32906 | Spider:4 | 32906 ||| INVOKING Heroism.
 32939 | Spider:4 | Got a gossamer rune of Zot
 33088 | Spider:4 | 33088 ||| PLANNING VAULTS:1-4
 33088 | Spider:4 | 33088 ||| DROPPING +1 chain mail of the Amoeba {Dex+4}.
 33089 | Spider:4 | 33089 ||| DROPPING +1 pair of boots of stealth.
 33090 | Spider:4 | 33090 ||| UPGRADING to +2 pair of gloves of dexterity.
 33100 | Spider:4 | 33100 ||| DROPPING +2 pair of gloves.
 33292 | Vaults:1 | Entered Level 1 of the Vaults
 33317 | Vaults:1 | 33317 ||| INVOKING Heroism.
 33408 | Vaults:1 | 33408 ||| Stepping ~*~*~tactically~*~*~ (stealth).
 33413 | Vaults:1 | 33413 ||| INVOKING Heroism.
 33507 | Vaults:1 | 33507 ||| INVOKING Heroism.
 33510 | Vaults:1 | 33510 ||| Stepping ~*~*~tactically~*~*~ (hiding).
 33815 | Vaults:1 | 33815 ||| Stepping ~*~*~tactically~*~*~ (stealth).
 33816 | Vaults:1 | 33816 ||| READING 8 scrolls of teleportation.
 33821 | Vaults:1 | 33821 ||| INVOKING Heroism.
 33850 | Vaults:1 | Reached XP level 19. HP: 104/125 MP: 26/26
 34212 | Vaults:1 | 34212 ||| Stepping ~*~*~tactically~*~*~ (stealth).
 34214 | Vaults:1 | 34214 ||| Stepping ~*~*~tactically~*~*~ (stealth).
 34245 | Vaults:1 | 34245 ||| Stepping ~*~*~tactically~*~*~ (stealth).
 34246 | Vaults:1 | 34246 ||| Stepping ~*~*~tactically~*~*~ (stealth).
 34248 | Vaults:1 | 34248 ||| Stepping ~*~*~tactically~*~*~ (stealth).
 34274 | Vaults:1 | Received a gift from Okawaru
 34309 | Vaults:1 | 34309 ||| Stepping ~*~*~tactically~*~*~ (hiding).
 34323 | Vaults:1 | 34323 ||| INVOKING Heroism.
 34324 | Vaults:1 | 34324 ||| INVOKING Finesse.
 34642 | Vaults:1 | 34642 ||| INVOKING Heroism.
 34643 | Vaults:1 | 34643 ||| INVOKING Finesse.
 34662 | Vaults:1 | Reached skill level 14 in Armour
 34715 | Vaults:1 | 34715 ||| Stepping ~*~*~tactically~*~*~ (stealth).
 34752 | Vaults:1 | 34752 ||| Stepping ~*~*~tactically~*~*~ (hiding).
 34761 | Vaults:1 | 34761 ||| INVOKING Heroism.
 34763 | Vaults:1 | 34763 ||| Stepping ~*~*~tactically~*~*~ (hiding).
 34794 | Vaults:1 | 34794 ||| Stepping ~*~*~tactically~*~*~ (hiding).
 34826 | Vaults:1 | 34826 ||| INVOKING Heroism.
 34837 | Vaults:1 | Received a gift from Okawaru
 35076 | Vaults:1 | 35076 ||| INVOKING Heroism.
 35090 | Vaults:1 | Reached ****** piety under Okawaru
 35097 | Vaults:1 | Received a gift from Okawaru
 35128 | Vaults:1 | 35128 ||| INVOKING Heroism.
 35277 | Vaults:1 | 35277 ||| UPGRADING to +2 plate armour of fire resistance.
 35287 | Vaults:1 | 35287 ||| READING scroll of enchant armour.
 35287 | Vaults:1 | 35287 ||| ENCHANTING +2 plate armour of fire resistance.
 35319 | Vaults:2 | 35319 ||| STAIRDANCE
 35321 | Vaults:1 | 35321 ||| INVOKING Heroism.
 35325 | Vaults:1 | Identified the +5 eveningstar "Icof Fig" {freeze, rElec
                  | Will+++ Int-4 Stlth+} (Okawaru gifted it to you on level 1
                  | of the Vaults)
 35325 | Vaults:1 | Received a gift from Okawaru
 35338 | Vaults:2 | 35338 ||| STAIRDANCE
 35384 | Vaults:2 | 35384 ||| INVOKING Heroism.
 35385 | Vaults:2 | 35385 ||| INVOKING Finesse.
 35432 | Vaults:2 | 35432 ||| Stepping ~*~*~tactically~*~*~ (hiding).
 35436 | Vaults:2 | 35436 ||| INVOKING Heroism.
 35506 | Vaults:2 | Found Gavvicwa's General Store.
 35512 | Vaults:2 | 35512 ||| INVOKING Heroism.
 35513 | Vaults:2 | 35513 ||| INVOKING Finesse.
 35561 | Vaults:2 | 35561 ||| BUYING potion of resistance (210 gold).
 35561 | Vaults:2 | Bought a potion of resistance for 210 gold pieces
 35561 | Vaults:2 | 35561 ||| BUYING scroll of teleportation (63 gold).
 35561 | Vaults:2 | Bought a scroll of teleportation for 63 gold pieces
 35612 | Vaults:2 | 35612 ||| INVOKING Heroism.
 35624 | Vaults:2 | Reached skill level 15 in Armour
 35624 | Vaults:2 | 35624 ||| INVOKING Finesse.
 35625 | Vaults:2 | Paralysed by a great orb of eyes for 4 turns
 35906 | Vaults:2 | Found Dut Tok's Jewellery Shop.
 35912 | Vaults:2 | 35912 ||| BUYING amulet "Xeareiph" {Spirit rC+ Str+5} (545
                  | gold).
 35912 | Vaults:2 | Bought the amulet "Xeareiph" {Spirit rC+ Str+5} for 545
                  | gold pieces
 35912 | Vaults:2 | 35912 ||| SHOPLISTING amulet of reflection (300 gold, have
                  | 25).
 35912 | Vaults:2 | 35912 ||| SHOPLISTING ring "Kosi" {rC+ Str+3} (383 gold,
                  | have 25).
 35912 | Vaults:2 | 35912 ||| SHOPLISTING ring of ice (250 gold, have 25).
 35912 | Vaults:2 | 35912 ||| SHOPLISTING ring of protection from cold (250
                  | gold, have 25).
 35921 | Vaults:2 | 35921 ||| INVOKING Heroism.
 35922 | Vaults:2 | 35922 ||| READING 9 scrolls of teleportation.
 36021 | Vaults:2 | Found Ahulluth's Antique Weapon Boutique.
 36143 | Vaults:2 | 36143 ||| INVOKING Heroism.
 36283 | Vaults:2 | Found Biptuch's Weapon Shoppe.
 36516 | Vaults:2 | Identified the +2 robe "Plog" {+Blink rC++ Int-4 Archmagi}
                  | (Okawaru gifted it to you on level 2 of the Vaults)
 36516 | Vaults:2 | Received a gift from Okawaru
 36521 | Vaults:2 | 36521 ||| INVOKING Heroism.
 36522 | Vaults:2 | 36522 ||| INVOKING Finesse.
 36534 | Vaults:2 | Reached skill level 16 in Armour
 36668 | Vaults:2 | Found Carph's Antique Armour Shop.
 36674 | Vaults:2 | 36674 ||| SHOPLISTING translucent plate armour (952 gold,
                  | have 62).
 36775 | Vaults:2 | 36775 ||| Stepping ~*~*~tactically~*~*~ (hiding).
 36777 | Vaults:2 | 36777 ||| INVOKING Heroism.
 36778 | Vaults:2 | 36778 ||| INVOKING Finesse.
 36779 | Vaults:2 | 36779 ||| INVOKING Finesse.
 36937 | Vaults:2 | 36937 ||| Stepping ~*~*~tactically~*~*~ (hiding).
 36938 | Vaults:2 | 36938 ||| Stepping ~*~*~tactically~*~*~ (hiding).
 36941 | Vaults:2 | 36941 ||| INVOKING Heroism.
 36942 | Vaults:2 | 36942 ||| INVOKING Finesse.
 36949 | Vaults:2 | Reached XP level 20. HP: 122/134 MP: 20/27
 37105 | Vaults:3 | 37105 ||| PLANNING WIZLAB
 37106 | Vaults:3 | 37106 ||| INVOKING Heroism.
 37171 | Vaults:3 | 37171 ||| Stepping ~*~*~tactically~*~*~ (stealth).
 37173 | Vaults:3 | 37173 ||| Stepping ~*~*~tactically~*~*~ (stealth).
 37176 | Vaults:3 | 37176 ||| INVOKING Heroism.
 37184 | Vaults:3 | 37184 ||| INVOKING Finesse.
 37220 | Vaults:3 | 37220 ||| Stepping ~*~*~tactically~*~*~ (stealth).
 37221 | Vaults:3 | 37221 ||| Stepping ~*~*~tactically~*~*~ (stealth).
 37225 | Vaults:3 | 37225 ||| Stepping ~*~*~tactically~*~*~ (stealth).
 37234 | Vaults:3 | 37234 ||| INVOKING Heroism.
 37260 | Vaults:3 | 37260 ||| READING scroll of enchant armour.
 37260 | Vaults:3 | 37260 ||| ENCHANTING +3 plate armour of fire resistance.
 37266 | Vaults:3 | 37266 ||| Stepping ~*~*~tactically~*~*~ (hiding).
 37268 | Vaults:3 | 37268 ||| Stepping ~*~*~tactically~*~*~ (hiding).
 37270 | Vaults:3 | 37270 ||| Stepping ~*~*~tactically~*~*~ (hiding).
 37317 | Vaults:3 | 37317 ||| Stepping ~*~*~tactically~*~*~ (stealth).
 37319 | Vaults:3 | 37319 ||| Stepping ~*~*~tactically~*~*~ (hiding).
 37331 | Vaults:3 | 37331 ||| FLEEEEING.
 37332 | Vaults:3 | 37332 ||| FLEEEEING.
 37333 | Vaults:3 | 37333 ||| FLEEEEING.
 37334 | Vaults:3 | 37334 ||| FLEEEEING.
 37335 | Vaults:3 | 37335 ||| FLEEEEING.
 37338 | Vaults:3 | 37338 ||| FLEEEEING.
 37339 | Vaults:3 | 37339 ||| INVOKING Heroism.
 37559 | Vaults:3 | 37559 ||| INVOKING Heroism.
 37571 | Vaults:3 | Reached skill level 17 in Armour
 37664 | Vaults:3 | 37664 ||| INVOKING Heroism.
 37665 | Vaults:3 | 37665 ||| INVOKING Finesse.
 37710 | Vaults:3 | 37710 ||| INVOKING Finesse.
 37872 | Vaults:3 | 37872 ||| RIP WIZLAB
 37957 | Vaults:3 | 37957 ||| PLANNING VAULTS:1-4
 37983 | Vaults:3 | 37983 ||| Stepping ~*~*~tactically~*~*~ (stealth).
 37986 | Vaults:3 | 37986 ||| INVOKING Heroism.
 38091 | Vaults:3 | 38091 ||| Stepping ~*~*~tactically~*~*~ (hiding).
 38156 | Vaults:3 | 38156 ||| Stepping ~*~*~tactically~*~*~ (stealth).
 38158 | Vaults:3 | 38158 ||| Stepping ~*~*~tactically~*~*~ (hiding).
 38172 | Vaults:3 | 38172 ||| Stepping ~*~*~tactically~*~*~ (hiding).
 38304 | Vaults:3 | 38304 ||| Stepping ~*~*~tactically~*~*~ (stealth).
 38443 | Vaults:3 | 38443 ||| FLEEEEING.
 38446 | Vaults:3 | 38446 ||| FLEEEEING.
 38447 | Vaults:3 | 38447 ||| FLEEEEING.
 38448 | Vaults:3 | 38448 ||| FLEEEEING.
 38449 | Vaults:3 | 38449 ||| FLEEEEING.
 38450 | Vaults:3 | 38450 ||| FLEEEEING.
 38451 | Vaults:3 | 38451 ||| FLEEEEING.
 38452 | Vaults:3 | 38452 ||| FLEEEEING.
 38453 | Vaults:3 | 38453 ||| FLEEEEING.
 38454 | Vaults:3 | 38454 ||| FLEEEEING.
 38455 | Vaults:3 | 38455 ||| FLEEEEING.
 38460 | Vaults:3 | 38460 ||| INVOKING Heroism.
 38711 | Vaults:3 | 38711 ||| INVOKING Heroism.
 38916 | Vaults:3 | 38916 ||| Stepping ~*~*~tactically~*~*~ (hiding).
 38973 | Vaults:3 | 38973 ||| Stepping ~*~*~tactically~*~*~ (stealth).
 39009 | Vaults:3 | Found a staircase to the Crypt.
 39097 | Vaults:3 | 39097 ||| INVOKING Heroism.
 39109 | Vaults:3 | 39109 ||| INVOKING Heroism.
 39117 | Vaults:3 | Reached skill level 18 in Fighting
 39220 | Vaults:3 | 39220 ||| UPGRADING to amulet of reflection.
 39230 | Vaults:3 | 39230 ||| DROPPING amulet of regeneration.
 39311 | Vaults:4 | 39311 ||| INVOKING Heroism.
 39497 | Vaults:4 | Found a huge runed gate.
 39497 | Vaults:4 | Found a huge runed gate.
 39497 | Vaults:4 | Found a huge runed gate.
 39497 | Vaults:4 | Found a huge runed gate.
 39497 | Vaults:4 | Found a huge runed gate.
 39497 | Vaults:4 | Found a huge runed gate.
 39497 | Vaults:4 | Found a huge runed gate.
 39497 | Vaults:4 | Found a huge runed gate.
 39498 | Vaults:4 | Found a huge runed gate.
 39498 | Vaults:4 | Found a huge runed gate.
 39499 | Vaults:4 | Found a huge runed gate.
 39499 | Vaults:4 | Found a huge runed gate.
 39500 | Vaults:4 | Found a huge runed gate.
 39501 | Vaults:4 | Found a huge runed gate.
 39502 | Vaults:4 | Found a huge runed gate.
 39510 | Vaults:4 | Found a huge runed gate.
 39510 | Vaults:4 | Found a huge runed gate.
 39510 | Vaults:4 | Found a huge runed gate.
 39510 | Vaults:4 | Found a huge runed gate.
 39510 | Vaults:4 | Found a huge runed gate.
 39659 | Vaults:4 | Found a huge runed gate.
 39660 | Vaults:4 | Found a huge runed gate.
 39661 | Vaults:4 | Found a huge runed gate.
 39662 | Vaults:4 | Found a huge runed gate.
 39670 | Vaults:4 | Found a huge runed gate.
 39670 | Vaults:4 | Found a huge runed gate.
 39670 | Vaults:4 | Found a huge runed gate.
 39670 | Vaults:4 | Found a huge runed gate.
 39670 | Vaults:4 | Found a huge runed gate.
 39670 | Vaults:4 | Found a huge runed gate.
 39671 | Vaults:4 | Found a huge runed gate.
 39687 | Vaults:4 | Identified the +1 chain mail of the Guild-Master {*Slow
                  | rF++ rC+ Int-4}
 39721 | Vaults:4 | 39721 ||| INVOKING Heroism.
 39752 | Vaults:4 | 39752 ||| DRINKING 10 potions of curing.
 39752 | Vaults:4 | 39752 ||| (to cure confusion)
 39833 | Vaults:4 | 39833 ||| Stepping ~*~*~tactically~*~*~ (hiding).
 39845 | Vaults:4 | Identified the +1 pair of gloves "Ukinnez" {Will+} (Okawaru
                  | gifted it to you on level 4 of the Vaults)
 39845 | Vaults:4 | Received a gift from Okawaru
 39981 | Vaults:4 | 39981 ||| Stepping ~*~*~tactically~*~*~ (stealth).
 40016 | Vaults:4 | 40016 ||| Stepping ~*~*~tactically~*~*~ (stealth).
 40107 | Vaults:4 | 40107 ||| Stepping ~*~*~tactically~*~*~ (hiding).
 40115 | Vaults:4 | 40115 ||| Stepping ~*~*~tactically~*~*~ (hiding).
 40256 | Vaults:4 | 40256 ||| Stepping ~*~*~tactically~*~*~ (hiding).
 40259 | Vaults:4 | 40259 ||| INVOKING Heroism.
 40266 | Vaults:4 | Reached skill level 18 in Armour
 40279 | Vaults:4 | Reached XP level 21. HP: 130/141 MP: 28/28
 40288 | Vaults:4 | 40288 ||| INVOKING Heroism.
 40334 | Vaults:4 | 40334 ||| FLEEEEING.
 40335 | Vaults:4 | 40335 ||| FLEEEEING.
 40340 | Vaults:4 | 40340 ||| STAIRDANCE
 40480 | Vaults:3 | 40480 ||| UPGRADING to +1 pair of gloves "Ukinnez" {Will+}.
 40541 | Vaults:4 | 40541 ||| Stepping ~*~*~tactically~*~*~ (stealth).
 40572 | Vaults:4 | 40572 ||| Stepping ~*~*~tactically~*~*~ (hiding).
 40574 | Vaults:4 | 40574 ||| Stepping ~*~*~tactically~*~*~ (hiding).
 40692 | Vaults:4 | 40692 ||| Stepping ~*~*~tactically~*~*~ (stealth).
 40693 | Vaults:4 | 40693 ||| Stepping ~*~*~tactically~*~*~ (stealth).
 40726 | Vaults:4 | 40726 ||| Stepping ~*~*~tactically~*~*~ (stealth).
 40807 | Vaults:4 | Found a huge runed gate.
 40808 | Vaults:4 | Found a huge runed gate.
 40816 | Vaults:4 | Found a huge runed gate.
 40816 | Vaults:4 | Found a huge runed gate.
 40816 | Vaults:4 | Found a huge runed gate.
 40831 | Vaults:4 | 40831 ||| Stepping ~*~*~tactically~*~*~ (stealth).
 40838 | Vaults:4 | 40838 ||| INVOKING Heroism.
 41023 | Vaults:4 | 41023 ||| Stepping ~*~*~tactically~*~*~ (stealth).
 41031 | Vaults:4 | 41031 ||| INVOKING Heroism.
 41067 | Vaults:4 | 41067 ||| Stepping ~*~*~tactically~*~*~ (stealth).
 41070 | Vaults:4 | 41070 ||| Stepping ~*~*~tactically~*~*~ (stealth).
 41260 | Vaults:4 | 41260 ||| PLANNING SHOALS:4
 41260 | Vaults:4 | 41260 ||| UPGRADING to +2 pair of gloves of dexterity.
 41270 | Vaults:4 | 41270 ||| DROPPING +1 pair of gloves "Ukinnez" {Will+}.
 41624 | Shoals:4 | Entered Level 4 of the Shoals
 41629 | Shoals:4 | 41629 ||| Stepping ~*~*~tactically~*~*~ (hiding).
 41633 | Shoals:4 | 41633 ||| INVOKING Heroism.
 41636 | Shoals:4 | 41636 ||| Stepping ~*~*~tactically~*~*~ (hiding).
 41685 | Shoals:4 | 41685 ||| Stepping ~*~*~tactically~*~*~ (stealth).
 41689 | Shoals:4 | 41689 ||| INVOKING Heroism.
 41699 | Shoals:4 | Paralysed by an air elemental for 1 turns
 41718 | Shoals:4 | Reached skill level 9 in Throwing
 41722 | Shoals:4 | 41722 ||| Stepping ~*~*~tactically~*~*~ (stealth).
 41749 | Shoals:4 | 41749 ||| Stepping ~*~*~tactically~*~*~ (stealth).
 41860 | Shoals:4 | 41860 ||| Stepping ~*~*~tactically~*~*~ (hiding).
 41878 | Shoals:4 | Identified the +10 battleaxe of Green Valour {spect, Str+5
                  | Dex+3}
 41879 | Shoals:4 | 41879 ||| Stepping ~*~*~tactically~*~*~ (hiding).
 41881 | Shoals:4 | 41881 ||| INVOKING Heroism.
 41884 | Shoals:4 | Identified the +7 quarterstaff "Jadea" {freeze, rF+ Will+
                  | Str+4 Dex-4}
 41910 | Shoals:4 | Got a barnacled rune of Zot
 41912 | Shoals:4 | 41912 ||| Stepping ~*~*~tactically~*~*~ (stealth).
 41914 | Shoals:4 | 41914 ||| Stepping ~*~*~tactically~*~*~ (hiding).
 41930 | Shoals:4 | 41930 ||| Stepping ~*~*~tactically~*~*~ (stealth).
 41941 | Shoals:4 | 41941 ||| Stepping ~*~*~tactically~*~*~ (stealth).
 42014 | Shoals:4 | 42014 ||| INVOKING Heroism.
 42142 | Shoals:4 | 42142 ||| INVOKING Heroism.
 42151 | Shoals:4 | Received a gift from Okawaru
 42290 | Shoals:4 | 42290 ||| INVOKING Heroism.
 42291 | Shoals:4 | 42291 ||| INVOKING Finesse.
 42357 | Shoals:4 | Paralysed by an air elemental for 1 turns
 42488 | Shoals:4 | 42488 ||| Stepping ~*~*~tactically~*~*~ (hiding).
 42514 | Shoals:4 | 42514 ||| Stepping ~*~*~tactically~*~*~ (stealth).
 42515 | Shoals:4 | 42515 ||| Stepping ~*~*~tactically~*~*~ (stealth).
 42537 | Shoals:4 | 42537 ||| Stepping ~*~*~tactically~*~*~ (stealth).
 42562 | Shoals:4 | 42562 ||| INVOKING Heroism.
 42563 | Shoals:4 | 42563 ||| INVOKING Finesse.
 42578 | Shoals:4 | Paralysed by an air elemental for 1 turns
 42607 | Shoals:4 | 42607 ||| INVOKING Heroism.
 42831 | Shoals:4 | 42831 ||| INVOKING Heroism.
 42832 | Shoals:4 | 42832 ||| INVOKING Finesse.
 42883 | Shoals:4 | 42883 ||| Stepping ~*~*~tactically~*~*~ (stealth).
 42981 | Shoals:4 | 42981 ||| Stepping ~*~*~tactically~*~*~ (hiding).
 42982 | Shoals:4 | 42982 ||| Stepping ~*~*~tactically~*~*~ (hiding).
 42986 | Shoals:4 | 42986 ||| INVOKING Heroism.
 42987 | Shoals:4 | 42987 ||| INVOKING Finesse.
 43055 | Shoals:4 | Paralysed by an air elemental for 1 turns
 43119 | Shoals:4 | Found a blossoming altar of Fedhas.
 43120 | Shoals:4 | 43120 ||| Stepping ~*~*~tactically~*~*~ (hiding).
 43129 | Shoals:4 | 43129 ||| Stepping ~*~*~tactically~*~*~ (stealth).
 43132 | Shoals:4 | 43132 ||| Stepping ~*~*~tactically~*~*~ (hiding).
 43133 | Shoals:4 | 43133 ||| Stepping ~*~*~tactically~*~*~ (hiding).
 43249 | Shoals:4 | 43249 ||| PLANNING DEPTHS
 43556 | Depths:1 | Entered Level 1 of the Depths
 43582 | Depths:1 | Found a one-way gateway to a ziggurat.
 43585 | Depths:1 | 43585 ||| READING 10 scrolls of teleportation.
 43586 | Depths:1 | 43586 ||| Stepping ~*~*~tactically~*~*~ (hiding).
 43889 | Depths:1 | 43889 ||| INVOKING Heroism.
 43892 | Depths:1 | Identified the +3 crystal plate armour "Quumoisye" {Contam
                  | Dex+6 SInv} (Okawaru gifted it to you on level 1 of the
                  | Depths)
 43892 | Depths:1 | Received a gift from Okawaru
 43905 | Depths:1 | 43905 ||| INVOKING Finesse.
 43979 | Depths:1 | 43979 ||| INVOKING Heroism.
 44174 | Depths:1 | Found a gateway to Hell.
 44214 | Depths:1 | Found a runed translucent door.
 44409 | Depths:1 | 44409 ||| Stepping ~*~*~tactically~*~*~ (stealth).
 44410 | Depths:1 | 44410 ||| Stepping ~*~*~tactically~*~*~ (stealth).
 44418 | Depths:1 | 44418 ||| INVOKING Heroism.
 44423 | Depths:1 | Reached skill level 19 in Armour
 44578 | Depths:1 | 44578 ||| INVOKING Heroism.
 44579 | Depths:1 | 44579 ||| INVOKING Finesse.
 44822 | Depths:1 | 44822 ||| DROPPING +7 plate armour of the Assorted Violins
                  | {-Tele +Inv rElec Str-3}.
 44823 | Depths:1 | 44823 ||| DROPPING +1 chain mail of the Guild-Master {*Slow
                  | rF++ rC+ Int-4}.
 44824 | Depths:1 | 44824 ||| DROPPING +2 chain mail of cold resistance.
 44825 | Depths:1 | 44825 ||| DROPPING +7 chain mail "Gapullam" {Fly rElec
                  | Dex-2 SInv}.
 44826 | Depths:1 | 44826 ||| UPGRADING to +3 crystal plate armour "Quumoisye"
                  | {Contam Dex+6 SInv}.
 44836 | Depths:1 | 44836 ||| DROPPING +4 plate armour of fire resistance.
 44858 | Depths:2 | Found Wimenot's Book Emporium.
 44866 | Depths:2 | Found Neos's Jewellery Shop.
 44868 | Depths:2 | Found Wonlong's Book Emporium.
 44876 | Depths:2 | 44876 ||| SHOPLISTING amulet "Utavoiv" {Reflect rElec Str+4
                  | SH+5 SInv} (1075 gold, have 490).
 44876 | Depths:2 | 44876 ||| SHOPLISTING amulet "Ved Qas" {Acrobat Str+6} (942
                  | gold, have 490).
 44876 | Depths:2 | 44876 ||| SHOPLISTING ring of Jealousy {rElec rF+ Will+
                  | Str-2} (767 gold, have 490).
 44876 | Depths:2 | 44876 ||| BUYING ring of fire (475 gold).
 44876 | Depths:2 | Bought a ring of fire for 475 gold pieces
 44876 | Depths:2 | 44876 ||| SHOPLISTING ring of protection from fire (475
                  | gold, have 15).
 44876 | Depths:2 | 44876 ||| SHOPLISTING ring of resist corrosion (380 gold,
                  | have 15).
 44906 | Depths:2 | 44906 ||| Stepping ~*~*~tactically~*~*~ (hiding).
 44908 | Depths:2 | 44908 ||| Stepping ~*~*~tactically~*~*~ (hiding).
 44913 | Depths:2 | 44913 ||| Stepping ~*~*~tactically~*~*~ (hiding).
 44922 | Depths:2 | 44922 ||| INVOKING Heroism.
 44923 | Depths:2 | 44923 ||| INVOKING Finesse.
 44968 | Depths:2 | 44968 ||| INVOKING Heroism.
 44981 | Depths:2 | Reached XP level 22. HP: 147/149 MP: 29/29
 45028 | Depths:2 | 45028 ||| Stepping ~*~*~tactically~*~*~ (stealth).
 45034 | Depths:2 | 45034 ||| INVOKING Heroism.
 45059 | Depths:2 | 45059 ||| Stepping ~*~*~tactically~*~*~ (hiding).
 45152 | Depths:2 | 45152 ||| Stepping ~*~*~tactically~*~*~ (hiding).
 45158 | Depths:2 | 45158 ||| Stepping ~*~*~tactically~*~*~ (hiding).
 45230 | Depths:2 | 45230 ||| Stepping ~*~*~tactically~*~*~ (stealth).
 45233 | Depths:2 | 45233 ||| Stepping ~*~*~tactically~*~*~ (hiding).
 45246 | Depths:2 | 45246 ||| Stepping ~*~*~tactically~*~*~ (hiding).
 45247 | Depths:2 | 45247 ||| Stepping ~*~*~tactically~*~*~ (hiding).
 45290 | Depths:2 | Found a one-way gate leading to the halls of Pandemonium.
 45310 | Depths:2 | Identified the ring "Siassial" {Contam Drain Fly rElec
                  | rF+++}
 45311 | Depths:2 | 45311 ||| Stepping ~*~*~tactically~*~*~ (stealth).
 45324 | Depths:2 | 45324 ||| INVOKING Heroism.
 45327 | Depths:2 | Noticed a caustic shrike
 45333 | Depths:2 | 45333 ||| INVOKING Finesse.
 45336 | Depths:2 | Killed a caustic shrike
 45345 | Depths:2 | Reached skill level 20 in Armour
 45365 | Depths:2 | Received a gift from Okawaru
 45473 | Depths:2 | Identified the +8 quarterstaff of the Spider {holy, rN+
                  | Will+}
 45581 | Depths:2 | 45581 ||| INVOKING Heroism.
 45661 | Depths:2 | 45661 ||| INVOKING Heroism.
 45662 | Depths:2 | 45662 ||| INVOKING Finesse.
 45682 | Depths:2 | Received a gift from Okawaru
 45713 | Depths:2 | Received a gift from Okawaru
 45873 | Depths:2 | 45873 ||| INVOKING Heroism.
 46010 | Depths:2 | 46010 ||| FLEEEEING.
 46014 | Depths:2 | 46014 ||| FLEEEEING.
 46015 | Depths:2 | 46015 ||| FLEEEEING.
 46018 | Depths:2 | 46018 ||| FLEEEEING.
 46019 | Depths:2 | 46019 ||| FLEEEEING.
 46020 | Depths:2 | 46020 ||| FLEEEEING.
 46023 | Depths:2 | 46023 ||| FLEEEEING.
 46024 | Depths:2 | 46024 ||| FLEEEEING.
 46025 | Depths:2 | 46025 ||| FLEEEEING.
 46026 | Depths:2 | 46026 ||| FLEEEEING.
 46029 | Depths:2 | 46029 ||| FLEEEEING.
 46030 | Depths:2 | 46030 ||| FLEEEEING.
 46031 | Depths:2 | 46031 ||| FLEEEEING.
 46033 | Depths:2 | 46033 ||| FLEEEEING.
 46034 | Depths:2 | 46034 ||| FLEEEEING.
 46035 | Depths:2 | 46035 ||| FLEEEEING.
 46036 | Depths:2 | 46036 ||| FLEEEEING.
 46037 | Depths:2 | 46037 ||| FLEEEEING.
 46038 | Depths:2 | 46038 ||| FLEEEEING.
 46039 | Depths:2 | 46039 ||| FLEEEEING.
 46040 | Depths:2 | 46040 ||| FLEEEEING.
 46041 | Depths:2 | 46041 ||| FLEEEEING.
 46042 | Depths:2 | 46042 ||| FLEEEEING.
 46042 | Depths:2 | Identified the ring "Ycuid" {Fire rElec rPois}
 46043 | Depths:2 | 46043 ||| FLEEEEING.
 46044 | Depths:2 | 46044 ||| FLEEEEING.
 46045 | Depths:2 | 46045 ||| FLEEEEING.
 46047 | Depths:2 | 46047 ||| FLEEEEING.
 46048 | Depths:2 | 46048 ||| FLEEEEING.
 46049 | Depths:2 | 46049 ||| FLEEEEING.
 46050 | Depths:2 | 46050 ||| FLEEEEING.
 46051 | Depths:2 | 46051 ||| FLEEEEING.
 46054 | Depths:2 | 46054 ||| FLEEEEING.
 46055 | Depths:2 | 46055 ||| STAIRDANCE
 46154 | Depths:1 | 46154 ||| DROPPING ring of fire.
 46242 | Depths:2 | 46242 ||| INVOKING Heroism.
 46245 | Depths:2 | Reached skill level 21 in Armour
 46297 | Depths:2 | Found a broken altar of Ashenzari.
 46553 | Depths:2 | 46553 ||| Stepping ~*~*~tactically~*~*~ (hiding).
 46555 | Depths:2 | 46555 ||| Stepping ~*~*~tactically~*~*~ (hiding).
 46563 | Depths:2 | 46563 ||| INVOKING Heroism.
 46596 | Depths:3 | 46596 ||| Stepping ~*~*~tactically~*~*~ (hiding).
 46598 | Depths:3 | 46598 ||| Stepping ~*~*~tactically~*~*~ (hiding).
 46605 | Depths:3 | 46605 ||| INVOKING Heroism.
 46609 | Depths:3 | Received a gift from Okawaru
 46829 | Depths:3 | 46829 ||| INVOKING Heroism.
 46895 | Depths:3 | 46895 ||| Stepping ~*~*~tactically~*~*~ (hiding).
 47068 | Depths:3 | 47068 ||| INVOKING Heroism.
 47074 | Depths:3 | Received a gift from Okawaru
 47272 | Depths:3 | 47272 ||| INVOKING Heroism.
 47393 | Depths:3 | 47393 ||| INVOKING Heroism.
 47414 | Depths:3 | Received a gift from Okawaru
 47485 | Depths:3 | 47485 ||| INVOKING Heroism.
 47545 | Depths:3 | 47545 ||| FLEEEEING.
 47546 | Depths:3 | 47546 ||| FLEEEEING.
 47547 | Depths:3 | 47547 ||| FLEEEEING.
 47548 | Depths:3 | 47548 ||| FLEEEEING.
 47549 | Depths:3 | 47549 ||| FLEEEEING.
 47552 | Depths:3 | 47552 ||| FLEEEEING.
 47553 | Depths:3 | 47553 ||| FLEEEEING.
 47554 | Depths:3 | 47554 ||| FLEEEEING.
 47555 | Depths:3 | 47555 ||| FLEEEEING.
 47556 | Depths:3 | 47556 ||| FLEEEEING.
 47557 | Depths:3 | 47557 ||| FLEEEEING.
 47558 | Depths:3 | 47558 ||| FLEEEEING.
 47559 | Depths:3 | 47559 ||| FLEEEEING.
 47560 | Depths:3 | 47560 ||| FLEEEEING.
 47561 | Depths:3 | 47561 ||| FLEEEEING.
 47562 | Depths:3 | 47562 ||| FLEEEEING.
 47563 | Depths:3 | 47563 ||| FLEEEEING.
 47564 | Depths:3 | 47564 ||| FLEEEEING.
 47565 | Depths:3 | 47565 ||| FLEEEEING.
 47709 | Depths:3 | Found Pasinkih's Assorted Antiques.
 47765 | Depths:3 | 47765 ||| SHOPLISTING potion of haste (540 gold, have 313).
 47765 | Depths:3 | 47765 ||| BUYING potion of heal wounds (270 gold).
 47765 | Depths:3 | Bought a potion of heal wounds for 270 gold pieces
 47765 | Depths:3 | 47765 ||| SHOPLISTING scroll of teleportation (162 gold,
                  | have 43).
 47784 | Depths:3 | Reached skill level 22 in Armour
 47787 | Depths:3 | Received a gift from Okawaru
 48082 | Depths:3 | 48082 ||| DROPPING +4 ring of evasion.
 48124 | Depths:4 | Entered Level 4 of the Depths
 48131 | Depths:4 | 48131 ||| STAIRDANCE
 48266 | Depths:4 | 48266 ||| INVOKING Heroism.
 48388 | Depths:4 | Noticed a juggernaut
 48389 | Depths:4 | 48389 ||| INVOKING Heroism.
 48399 | Depths:4 | Killed a juggernaut
 48452 | Depths:4 | 48452 ||| INVOKING Heroism.
 48478 | Depths:4 | Reached skill level 9 in Dodging
 48587 | Depths:4 | Found a gate to the Realm of Zot.
 48589 | Depths:4 | 48589 ||| INVOKING Heroism.
 48612 | Depths:4 | Received a gift from Okawaru
 48700 | Depths:4 | 48700 ||| ZAPPING wand of digging (16).
 48706 | Depths:4 | 48706 ||| INVOKING Heroism.
 48813 | Depths:4 | 48813 ||| Stepping ~*~*~tactically~*~*~ (stealth).
 48823 | Depths:4 | 48823 ||| INVOKING Heroism.
 48829 | Depths:4 | Reached XP level 23. HP: 147/155 MP: 28/30
 48901 | Depths:4 | 48901 ||| FLEEEEING.
 49057 | Depths:4 | 49057 ||| ZAPPING wand of digging (15).
 49059 | Depths:4 | 49059 ||| INVOKING Heroism.
 49129 | Depths:4 | 49129 ||| ZAPPING wand of digging (14).
 49131 | Depths:4 | 49131 ||| INVOKING Heroism.
 49141 | Depths:4 | Identified the +7 crystal plate armour "Dafes" {rC+ rN+++
                  | Will- Slay-2} (Okawaru gifted it to you on level 4 of the
                  | Depths)
 49141 | Depths:4 | Received a gift from Okawaru
 49312 | Depths:4 | 49312 ||| Stepping ~*~*~tactically~*~*~ (hiding).
 49383 | Depths:4 | 49383 ||| INVOKING Heroism.
 49509 | Depths:4 | 49509 ||| INVOKING Heroism.
 49630 | Depths:4 | 49630 ||| INVOKING Heroism.
 49631 | Depths:4 | 49631 ||| INVOKING Finesse.
 49760 | Depths:4 | 49760 ||| ZAPPING wand of digging (13).
 49769 | Depths:4 | 49769 ||| INVOKING Heroism.
 49900 | Depths:4 | 49900 ||| Stepping ~*~*~tactically~*~*~ (hiding).
 49901 | Depths:4 | 49901 ||| Stepping ~*~*~tactically~*~*~ (hiding).
 49903 | Depths:4 | 49903 ||| INVOKING Heroism.
 49975 | Depths:4 | 49975 ||| PLANNING VAULTS:5
 49975 | Depths:4 | 49975 ||| DROPPING scarf of resistance.
 50331 | Vaults:5 | Entered Level 5 of the Vaults
 50331 | Vaults:5 | Noticed a golden dragon
 50332 | Vaults:5 | 50332 ||| INVOKING Heroism.
 50333 | Vaults:5 | 50333 ||| STAIRDANCE
 50451 | Vaults:5 | 50451 ||| STAIRDANCE
 50453 | Vaults:4 | 50453 ||| INVOKING Heroism.
 50546 | Vaults:5 | 50546 ||| STAIRDANCE
 50547 | Vaults:5 | 50547 ||| INVOKING Heroism.
 50561 | Vaults:5 | HP: 28/156 [tengu reaver/+0 great sword (12)]
 50562 | Vaults:5 | 50562 ||| READING 12 scrolls of teleportation.
 50563 | Vaults:5 | 50563 ||| DRINKING 6 potions of heal wounds.
 50564 | Vaults:5 | 50564 ||| DRINKING 5 potions of heal wounds.
 50568 | Vaults:5 | 50568 ||| DRINKING 11 potions of curing.
 50568 | Vaults:5 | 50568 ||| (to cure confusion)
 50568 | Vaults:5 | Noticed a golden dragon
 50575 | Vaults:5 | HP: 35/155 [storm dragon/bolt of lightning (9)]
 50576 | Vaults:5 | 50576 ||| READING 11 scrolls of teleportation.
 50577 | Vaults:5 | 50577 ||| DRINKING 4 potions of heal wounds.
 50603 | Vaults:5 | 50603 ||| INVOKING Heroism.
 50633 | Vaults:5 | 50633 ||| INVOKING Heroism.
 50902 | Vaults:5 | 50902 ||| Stepping ~*~*~tactically~*~*~ (hiding).
 50903 | Vaults:5 | 50903 ||| INVOKING Heroism.
 50928 | Vaults:5 | Identified the +4 war axe of Dominance {vorpal, rPois rC+
                  | Int+3 Dex+5}
 50928 | Vaults:5 | Identified the ring of Insomnia {rElec rPois rF- Will+
                  | Int+2}
 50928 | Vaults:5 | Noticed a golden dragon
 50938 | Vaults:5 | Reached skill level 21 in Shields
 50938 | Vaults:5 | Identified the ring "Dyason" {AC+4 Int+2}
 50939 | Vaults:5 | Noticed a golden dragon
 50955 | Vaults:5 | 50955 ||| INVOKING Heroism.
 50967 | Vaults:5 | HP: 30/157 [golden dragon (13)]
 50968 | Vaults:5 | 50968 ||| READING 10 scrolls of teleportation.
 50969 | Vaults:5 | 50969 ||| DRINKING 3 potions of heal wounds.
 50969 | Vaults:5 | HP: 4/158 [stone giant (16)]
 50969 | Vaults:5 | Killed from afar by a titan

Levels and vault maps discovered:
D:1:      elethiomel_arrival_quiet, layout_loops_ring, serial_shops,
          nicolae_shop_waterfront, bh_walls_and_bars
D:2:      layout_loops_ring, serial_shops, shop, kennysheep_flooded_box,
          minmay_surrounded
D:3:      layout_rooms, serial_shops, nicolae_shop_behind_doors,
          ebering_ghost_sewer_d, uniq_natasha
D:4:      layout_loops_ring, nicolae_shop_clearance
D:5:      kb_forest_paths, layout_basic, mainiacjoe_overflow_24_doors,
          serial_corexii_hall, corexii_hall_statues_l, corexii_hall_statues_x,
          corexii_leaking_fountain, uniq_grinder
D:6:      layout_cave_pools, minmay_temple_entry_crystal_x, uniq_pikel
D:7:      minmay_the_grid_square_5x5_3x3 [minmay_the_grid_square_5x5_one_wall,
          minmay_the_grid_square_5x5_percent,
          minmay_the_grid_square_5x5_trominoes,
          minmay_the_grid_square_5x5_n_small,
          minmay_the_grid_square_5x5_megaprize_diamond,
          minmay_the_grid_square_5x5_shuriken, minmay_the_grid_square_5x5_n,
          minmay_the_grid_square_5x5_longway, minmay_the_grid_square_5x5_meh],
          layout_loops_ring, kennysheep_vampire_church, serial_shops, shop,
          nicolae_elemental_shop, nrook_loot_triangle
D:8:      layout_basic, mainiacjoe_overflow_paths, uniq_erica
D:9:      layout_loops_ring, amcnicky_altar_gilded, kennysheep_mini_moat,
          mainiacjoe_overflow_cross_hatched, erik_lair_island,
          kennysheep_just_a_vault, uniq_harold
D:10:     layout_small_grid, orc_0_dummy, serial_shops, shop
D:11:     layout_basic, uniq_sonja
D:12:     gammafunk_worm_tunnel, layout_loops_ring, uniq_josephine
D:13:     layout_irregular_city, lightli_vaults_fourway_checkpoint,
          gauntlet_entry_generic, serial_rivers, chequers_serial_rivers_micro_e,
          chequers_serial_rivers_small_b, chequers_serial_rivers_small_a,
          chequers_serial_rivers_micro_c, uniq_rupert, uniq_urug, uniq_jorgrun
D:14:     layout_loops_corners, serial_shops, nicolae_shop_waterfront,
          kennysheep_inner_square
D:15:     grunt_enter_depths_snipers, layout_long_grid,
          hangedman_abyss_or_decor_passed, portal_ice_cave_entry_ice_statue_two,
          uniq_agnes
Temple:   compressed_dpeg_triangle_lava_temple
Lair:1:   layout_misc_corridors, gammafunk_ghost_abyssal_escape
Lair:2:   layout_hall_layers, serial_bayou_shore_b
Lair:3:   layout_cave_pods, minmay_shoals_entry_hut, spider_nest_entry_a,
          chequers_serial_rivers_large_b
Lair:4:   layout_layer_cave
Lair:5:   due_jungle_book, layout_big_grid, minmay_slime_entry_oklob_open,
          nzn_sisyphean_effort, infiniplex_staircase_pool_2, grunt_megastairs_4,
          lemuel_fruit_fields
Shoals:1: layout_shoals, serial_shops, nicolae_shop_window_shopping,
          nicolae_shoals_aquamancer_cove, uniq_kirke
Shoals:2: layout_shoals
Shoals:3: layout_shoals, nicolae_shoals_lost_giant_temple
Shoals:4: shoals_end_hellmonk_storm_palace [storm_palace_center_ruins,
          storm_palace_corner_altar, storm_palace_corner_pillars,
          storm_palace_corner_grid, storm_palace_corner_narrow]
Spider:1: layout_spider_delve, hangedman_spider_tarantella_strand, uniq_nikola
Spider:2: layout_spider_delve, nicolae_orb_island, uniq_roxanne
Spider:3: layout_spider_delve
Spider:4: spider_rune_water, gammafunk_ghost_arena
Orc:1:    layout_diamond_mine
Orc:2:    grunt_orc_tribal_feast, layout_caves, nicolae_orc_tapped_out
Vaults:1: ontoclasm_vaults_claustrophobia, ontoclasm_vaults_idyll,
          nicolae_vaults_network_barrier, nicolae_vaults_theta,
          nicolae_vaults_network_star, nicolae_vaults_big_ls, v_misc_14,
          v_misc_13, vaults_room_door_hall, vaults_dpeg_encased_lava,
          vaults_room_hangedman_quadrants, layout_vaults_big_cross
Vaults:2: nicolae_vaults_little_squares_4, v_misc_14, v_misc_9, v_misc_4,
          nicolae_vaults_little_ls, nicolae_vaults_three_branches, v_misc_23,
          v_pattern_4, nicolae_vaults_little_squares_6,
          layout_vaults_chaotic_city, serial_shops, shop, shop_fountains, shop,
          shop, nicolae_shop_behind_doors
Vaults:3: mu_enter_wizlab_2, minmay_crypt_entry_skeletal_spiral,
          nicolae_vaults_what_the_h, v_rooms_6, vaults_mumra_chevron,
          nicolae_vaults_puzzle_piece, v_pattern_5, vaults_mumra_minichess,
          vaults_room_fancy_cross, nicolae_vaults_inception_statues,
          vaults_room_door_hall, serial_ice_m, vaults_room_fancy_cross,
          v_alt_pattern_1, ontoclasm_vaults_fault, layout_vaults_omnibox
Vaults:4: nicolae_vaults_border_crossing, v_misc_22, not_door_vault_due,
          hangedman_vaults_slither, nicolae_vaults_alarming,
          nicolae_vaults_little_squares_4, v_misc_5, ontoclasm_vaults_shuriken,
          nicolae_vaults_mini_display_case, vaults_room_fours,
          vaults_room_ringed_pool, layout_vaults_maze_snakey
Vaults:5: serial_shops
Depths:1: layout_basic, enter_ziggurat_f, nrook_mini_backslash, hell_entry,
          minmay_acid_items, grunt_megastairs_2
Depths:2: hangedman_arch_fort, layout_gridlike, grunt_pan_entry_sceptre,
          lemuel_tele_altar, hell_entry, minmay_shop_grove,
          minmay_staircase_bubble
Depths:3: nooodl_glass_maze, layout_cave_shapes,
          hangedman_abyss_or_decor_jellyfish_corner, pf_hell_entry_tar_spiral,
          serial_shops, shop, abyss_entry_small_statue_room,
          infiniplex_staircase_spiral, uniq_josephina
Depths:4: evilmike_zot_entry_argh, layout_honeycomb, hell_entry

Skill      XL: |  1  2  3  4  5  6  7  8  9 10 11 12 13 14 15 16 17 18 19 20 21 22 23 |
---------------+----------------------------------------------------------------------+-----
Axes           | 2 8 9 10 11 12 14 15 16 18 | 18.0
Fighting       | 10 11 12 13 15 17 18 19 20 | 20.3
Dodging        | 1 2 5 6 7 8 9 |  9.0
Armour         | 4 5 8 9 10 11 13 16 18 19 22 | 22.0
Shields        | 5 7 9 12 13 14 16 17 18 19 20 21 | 21.0
Invocations    | 3 4 8 10 | 10.0
Throwing       | 1 5 7 8 10 11 | 11.0

Action                   |  1- 3 |  4- 6 |  7- 9 | 10-12 | 13-15 | 16-18 | 19-21 | 22-24 || total
-------------------------+-------+-------+-------+-------+-------+-------+-------+-------++-------
Melee: War axe           |    31 |   151 |   319 |   537 |       |       |       |       ||  1038
       Broad axe         |       |       |       |   172 |   858 |  1258 |  1411 |   676 ||  4375
       Flail             |       |       |       |    22 |    44 |       |       |       ||    66
       Whip              |       |       |       |       |    32 |    11 |       |       ||    43
Throw: Boomerang         |       |       |       |    19 |       |    42 |    61 |       ||   122
       Javelin           |       |       |       |       |    45 |   107 |    73 |    62 ||   287
Invok: Heroism           |       |       |     3 |    34 |    47 |    53 |    49 |    33 ||   219
       Finesse           |       |       |       |     2 |    13 |    11 |    18 |     3 ||    47
Evoke: Wand              |       |       |       |       |       |       |       |     4 ||     4
  Use: Scroll            |     4 |     4 |     8 |    10 |    12 |     8 |     4 |     3 ||    53
       Potion            |     2 |     3 |     2 |     3 |     2 |     8 |     1 |     5 ||    26
 Stab: Confused          |       |       |       |       |       |       |       |     5 ||     5
Armor: Scale mail        |    25 |    24 |       |       |       |       |       |       ||    49
       Chain mail        |       |    39 |   219 |   221 |    35 |   500 |    69 |       ||  1083
       Plate armour      |       |       |       |    80 |   350 |       |   391 |       ||   821
       Crystal plate arm |       |       |       |       |       |       |    13 |   381 ||   394
Dodge: Dodged            |    23 |    35 |    43 |   143 |   165 |   306 |   266 |   223 ||  1204
Block: Buckler           |     9 |    19 |    10 |       |       |       |       |       ||    38
       Tower shield      |       |       |   226 |   623 |   762 |  1251 |  1195 |   827 ||  4884
       Reflection        |       |       |       |       |       |       |    22 |    19 ||    41

Table legend:
 A = Non-vault XP
 B = Vault XP
 C = Vault XP percentage of total XP
 D = Non-vault monster count
 E = Vault monster count
 F = Vault count percentage of total count
                 A         B        C        D         E       F
            +---------+---------+-------+---------+---------+-------
      Total |  479373 |  298841 |  38.4 |    1125 |     485 |  30.1
            +---------+---------+-------+---------+---------+-------
        D:1 |      21 |       2 |   8.7 |      14 |       1 |   6.7
        D:2 |      52 |       9 |  14.8 |      20 |       4 |  16.7
        D:3 |     150 |      37 |  19.8 |      21 |       1 |   4.5
        D:4 |     382 |       0 |   0.0 |      24 |       0 |   0.0
        D:5 |     788 |     621 |  44.1 |      16 |       7 |  30.4
        D:6 |     788 |     617 |  43.9 |       8 |       1 |  11.1
        D:7 |     860 |    3554 |  80.5 |      12 |      26 |  68.4
        D:8 |    2370 |     831 |  26.0 |      23 |       1 |   4.2
        D:9 |    4182 |    1994 |  32.3 |      45 |      10 |  18.2
       D:10 |    7575 |       0 |   0.0 |      19 |       0 |   0.0
       D:11 |    3711 |     776 |  17.3 |      19 |       1 |   5.0
       D:12 |    3466 |    1531 |  30.6 |      12 |       4 |  25.0
       D:13 |    8754 |   10769 |  55.2 |      16 |      14 |  46.7
       D:14 |    6688 |    1747 |  20.7 |      20 |       3 |  13.0
       D:15 |   14517 |    5064 |  25.9 |      32 |       6 |  15.8
     Lair:1 |    8285 |       0 |   0.0 |      27 |       0 |   0.0
     Lair:2 |    4299 |       0 |   0.0 |      12 |       0 |   0.0
     Lair:3 |    4499 |     256 |   5.4 |      16 |       1 |   5.9
     Lair:4 |   10823 |       0 |   0.0 |      38 |       0 |   0.0
     Lair:5 |   13193 |   16639 |  55.8 |      42 |      33 |  44.0
   Shoals:1 |   11248 |    6268 |  35.8 |      26 |       7 |  21.2
   Shoals:2 |   20205 |       0 |   0.0 |      37 |       0 |   0.0
   Shoals:3 |   17460 |       0 |   0.0 |      34 |       0 |   0.0
   Shoals:4 |    9590 |   24124 |  71.6 |      18 |      49 |  73.1
   Spider:1 |   10463 |    2306 |  18.1 |      28 |       2 |   6.7
   Spider:2 |   14711 |    4977 |  25.3 |      42 |       6 |  12.5
   Spider:3 |   22112 |       0 |   0.0 |      54 |       0 |   0.0
   Spider:4 |    7932 |   18644 |  70.2 |      16 |      38 |  70.4
      Orc:1 |    2255 |       0 |   0.0 |      46 |       0 |   0.0
      Orc:2 |    4739 |    7544 |  61.4 |      42 |      30 |  41.7
   Vaults:1 |   41517 |   28163 |  40.4 |      55 |      40 |  42.1
   Vaults:2 |   23773 |    4067 |  14.6 |      34 |       8 |  19.0
   Vaults:3 |   32341 |   32551 |  50.2 |      58 |      54 |  48.2
   Vaults:4 |   32893 |   33646 |  50.6 |      43 |      38 |  46.9
   Vaults:5 |   11051 |   30844 |  73.6 |      18 |      29 |  61.7
   Depths:1 |   32187 |    2344 |   6.8 |      40 |       2 |   4.8
   Depths:2 |   28359 |   29131 |  50.7 |      33 |      30 |  47.6
   Depths:3 |   25822 |    5894 |  18.6 |      29 |       6 |  17.1
   Depths:4 |   35312 |   12994 |  26.9 |      36 |      11 |  23.4
   Gauntlet |       0 |   10897 | 100.0 |       0 |      22 | 100.0
            +---------+---------+-------+---------+---------+-------
